Workbook

Sheet Cover Sheet
A7: KENTUCKY
E9: 2026 CAPITALIZATION RATE STUDY
A16: =+'S&D'!A12 -> Natural Gas Transmission Pipeline Carrier
A34: #VALUE!

Sheet Yield CapRate
A1: KENTUCKY DEPARTMENT OF REVENUE
A2: DIVISION OF STATE VALUATION, PUBLIC SERVICE BRANCH
A3: 2026 Tax Year
D10: YIELD CAPITALIZATION RATE CONCLUSION
D16: =+'S&D'!A12 -> Natural Gas Transmission Pipeline Carrier
B19: Source of | C19: Capital | D19: Cost of Capital | E19: Marginal | F19: Cost of Capital | G19: Weighted
B20: Capital | C20: Structure | D20: Rate | E20: Tax Rate | F20: After Tax | G20: Cost
B23: EQUITY | C23: ='S&D'!I49 -> 0.63 | D23: =+'Indicated Yield Equity Rate '!D52 -> 0.0993 | F23: =+D23 -> 0.0993 | G23: =+F23*C23 -> 0.062559
B25: DEBT | C25: ='S&D'!J49 -> 0.37 | D25: =+Debt!J29 -> 0.0586 | E25: 0.26 | F25: =+D25*(1-E25) -> 0.043364 | G25: =+C25*F25 -> 0.01604468
B27: WACC | C27: =+C23+C25 -> 1 | G27: =+G23+G25 -> 0.07860368
F29: Selected | G29: 0.0786

Sheet Direct CapRates
A1: KENTUCKY DEPARTMENT OF REVENUE
A2: DIVISION OF STATE VALUATION, PUBLIC SERVICE BRANCH
A3: 2026 Tax Year
D11: DIRECT CAPITALIZATION RATE CONCLUSION
D15: ='S&D'!A12 -> Natural Gas Transmission Pipeline Carrier
D16: NOI After Tax (NOPAT)
B19: Source of | C19: Capital | D19: Capitalization | E19: Marginal | F19: Capitalization Rate | G19: Weighted
B20: Capital | C20: Structure | D20: Rate | E20: Tax Rate | F20: After Tax | G20: CAP RATE
B23: EQUITY | C23: ='S&D'!I49 -> 0.63 | D23: =+'Direct NOPAT'!J33 -> 0.06685 | E23: - | F23: =+D23 -> 0.06685 | G23: =+F23*C23 -> 0.0421155
B25: DEBT | C25: ='S&D'!J49 -> 0.37 | D25: =+Debt!J29 -> 0.0586 | E25: 0.26 | F25: =+D25*(1-E25) -> 0.043364 | G25: =+C25*F25 -> 0.01604468
B27: TOTAL | C27: =+C23+C25 -> 1 | G27: =+G23+G25 -> 0.05816018
F29: Selected | G29: 0.0582
F31: Multiplier | G31: =1/G29 -> 17.182131
A34: KENTUCKY DEPARTMENT OF REVENUE
A35: DIVISION OF STATE VALUATION, PUBLIC SERVICE BRANCH
A36: 2026 Tax Year
D44: DIRECT CAPITALIZATION RATE CONCLUSION
D48: =+'S&D'!A12 -> Natural Gas Transmission Pipeline Carrier
D49: GCF After Tax
B52: Source of | C52: Capital | D52: Capitalization | E52: Marginal | F52: Capitalization Rate | G52: Weighted
B53: Capital | C53: Structure | D53: Rate | E53: Tax Rate | F53: After Tax | G53: CAP RATE
B56: EQUITY | C56: ='S&D'!I49 -> 0.63 | D56: =+'Direct GCF'!H32 -> 0.1136 | F56: =+D56 -> 0.1136 | G56: =+F56*C56 -> 0.071568
B58: DEBT | C58: ='S&D'!J49 -> 0.37 | D58: =+Debt!J29 -> 0.0586 | E58: 0.26 | F58: =+D58*(1-E58) -> 0.043364 | G58: =+C58*F58 -> 0.01604468
B60: TOTAL | C60: =+C56+C58 -> 1 | G60: =+G56+G58 -> 0.08761268
F62: Selected | G62: 0.0876
F64: Multiplier | G64: =1/G62 -> 11.415525

Sheet S&D
A1: KENTUCKY DEPARTMENT OF REVENUE
A2: DIVISION OF STATE VALUATION, PUBLIC SERVICE BRANCH
A3: 2026 Tax Year
A7: US Dollar to Canadian Dollar Exchange Rate = 1.3725 | C7: =1-0.3725 -> 0.6275
A12: Natural Gas Transmission Pipeline Carrier | F12: CAPITAL STRUCTURE
F13: YEAR END 12/31/2025
D16: 4th Qtr | E16: 4th Qtr | F16: 4th Qtr | G16: Year End | H16: Dec. 31, 2025 | I16: Dec. 31, 2025 | J16: Dec. 31, 2025
B17: Ticker | C17: Industry | D17: Stock Price | E17: Stock Price | F17: Average | G17: Dec. 31, 2025 | H17: Common Stock | I17: Preferred Stock | J17: Long Term Debt **
A18: Company | B18: Symbol | C18: Group | D18: High | E18: Low | F18: Stock Price | G18: Stock Price | H18: Shares Outstanding * | I18: General Partner Units | J18: & Finance Leases
D19: US Dollars | E19: US Dollars | F19: US Dollars | G19: US Dollars | H19: Shares Issued less Treasury | I19: Book Value | J19: Book Value
A20: VL | B20: VL | C20: VL | D20: VL | E20: VL | F20: Calculated | G20: VL | H20: 10K / SEC | I20: 10K / SEC | J20: 10K / SEC
A22: Enbridge Inc | B22: ENB.TO | C22: Oil & Gas Distribution | D22: 70.01 | E22: 63.67 | F22: =AVERAGE(D22,E22) -> 66.84 | G22: 65.68 | H22: 2182000000 | I22: =6818000000*0.6275 -> 4.278295e+09 | J22: =(5031000000+98963000000)*0.6275 -> 6.5256235e+10 | K22: Canadian Conversion = .6275 USD
A23: Energy Transfer LP | B23: ET | C23: Pipeline MLPs | D23: 17.11 | E23: 16.18 | F23: =AVERAGE(D23,E23) -> 16.645 | G23: 16.49 | H23: 3439986779 | I23: =3356000000 -> 3356000000 | J23: =(25000000+68308000000) -> 68333000000
A24: Enterprise Products Partnership LP | B24: EPD | C24: Pipeline MLPs | D24: 32.95 | E24: 30.01 | F24: =AVERAGE(D24,E24) -> 31.48 | G24: 32.06 | H24: 2161760683 | I24: 44000000 | J24: =32770000000+1625000000 -> 34395000000
A25: Kinder Morgan Inc | B25: KMI | C25: Oil & Gas Distribution | D25: 28.62 | E25: 25.6 | F25: =AVERAGE(D25,E25) -> 27.11 | G25: 27.49 | H25: 2224777750 | J25: =1408000000+30777000000 -> 32185000000
A26: ONEOK Inc | B26: OKE | C26: Oil & Gas Distribution | D26: 76.19 | E26: 64.02 | F26: =AVERAGE(D26,E26) -> 70.105 | G26: 73.5 | H26: 629707691 | J26: =30755000000+1241000000 -> 31996000000
A27: TC Energy Corp | B27: TRP | C27: Oil & Gas Distribution | D27: 56.34 | E27: 49.27 | F27: =AVERAGE(D27,E27) -> 52.805 | G27: 55.01 | H27: 1041000000 | I27: =2255000000*0.6275 -> 1.4150125e+09 | J27: =(1545000000+45247000000)*0.6275 -> 2.936198e+10 | K27: Canadian Conversion = .6275 USD
A28: Williams Companys Inc | B28: WMB | C28: Oil & Gas Distribution | D28: 65.16 | E28: 56.19 | F28: =AVERAGE(D28,E29) -> 65.16 | G28: 60.11 | H28: =1261000000-39000000 -> 1222000000 | I28: =35000000 -> 35000000 | J28: =27316000000+1345000000 -> 28661000000
D32: Dec. 31, 2025 | E32: Dec. 31, 2025 | F32: Dec. 31, 2025 | G32: Dec. 31, 2025 | H32: Dec. 31, 2025 | I32: Dec. 31, 2025 | J32: Dec. 31, 2025
B33: Ticker | C33: Industry | D33: Common Stock | E33: Preferred Stock *** | F33: Operating Leases **** | G33: Long Term Debt | H33: Total Market Value | I33: % Common Stock | J33: % LT Debt & Pref Stock
A34: Company | B34: Symbol | C34: Group | D34: FMV | E34: FMV | F34: FMV / PV | G34: FMV | H34: CS+LTD +PS + OL | J34: & Op Leases
A35: VL | B35: VL | C35: VL | D35: Calculated | E35: 10K / SEC | F35: 10K / SEC | G35: 10K / SEC | H35: Calculated | I35: Calculated | J35: Calculated
A37: =+A22 -> Enbridge Inc | B37: =+B22 -> ENB.TO | C37: =+C22 -> Oil & Gas Distribution | D37: =(+H22)*G22 -> 143313760000 | E37: =(1/1)*I22 -> 4.278295e+09 | F37: =666000000*0.6275 -> 4.17915e+08 | G37: =(102.7/98.9)*J22 -> 6.7763552e+10 | H37: =+D37+E37+F37+G37 -> 2.1577352e+11 | I37: =(+D37)/H37 -> 0.66418603 | J37: =(+E37+F37+G37)/H37 -> 0.33581397
A38: =+A23 -> Energy Transfer LP | B38: =+B23 -> ET | C38: =+C23 -> Pipeline MLPs | D38: =(+H23)*G23 -> 5.6725382e+10 | E38: =(1/1)*I23 -> 3356000000 | F38: =(1515000000+10000000) -> 1525000000 | G38: =(68.55/68.33)*J23 -> 6.855301e+10 | H38: =+D38+E38+F38+G38 -> 1.3015939e+11 | I38: =(+D38)/H38 -> 0.43581474 | J38: =(+E38+F38+G38)/H38 -> 0.56418526
A39: =+A24 -> Enterprise Products Partnership LP | B39: =+B24 -> EPD | C39: =+C24 -> Pipeline MLPs | D39: =(+H24)*G24 -> 6.9306047e+10 | E39: =(1/1)*I24 -> 44000000 | F39: 105000000 | G39: =(32.2/34.1)*J24 -> 3.2478563e+10 | H39: =+D39+E39+F39+G39 -> 1.0193361e+11 | I39: =(+D39)/H39 -> 0.67991359 | J39: =(+E39+F39+G39)/H39 -> 0.32008641
A40: =+A25 -> Kinder Morgan Inc | B40: =+B25 -> KMI | C40: =+C25 -> Oil & Gas Distribution | D40: =(+H25)*G25 -> 6.115914e+10 | E40: =(1/1)*I25 -> 0 | F40: 216000000 | G40: =(31953/31990)*J25 -> 3.2147774e+10 | H40: =+D40+E40+F40+G40 -> 9.3522915e+10 | I40: =(+D40)/H40 -> 0.65394818 | J40: =(+E40+F40+G40)/H40 -> 0.34605182
A41: =+A26 -> ONEOK Inc | B41: =+B26 -> OKE | C41: =+C26 -> Oil & Gas Distribution | D41: =(+H26)*G26 -> 4.6283515e+10 | E41: =(1/1)*I26 -> 0 | F41: 237000000 | G41: =(32.7/32)*J26 -> 3.2695913e+10 | H41: =+D41+E41+F41+G41 -> 7.9216428e+10 | I41: =(+D41)/H41 -> 0.58426663 | J41: =(+E41+F41+G41)/H41 -> 0.41573337
A42: =+A27 -> TC Energy Corp | B42: =+B27 -> TRP | C42: =+C27 -> Oil & Gas Distribution | D42: =(+H27)*G27 -> 57265410000 | E42: =(1/1)*I27 -> 1.4150125e+09 | F42: =431000000*0.6275 -> 270452500 | G42: =(47720/46792)*J27 -> 2.99443e+10 | H42: =+D42+E42+F42+G42 -> 88895175000 | I42: =(+D42)/H42 -> 0.64419031 | J42: =(+E42+F42+G42)/H42 -> 0.35580969
A43: =+A28 -> Williams Companys Inc | B43: =+B28 -> WMB | C43: =+C28 -> Oil & Gas Distribution | D43: =(+H28)*G28 -> 73454420000 | E43: =(1/1)*I28 -> 35000000 | F43: =32000000+151000000 -> 183000000 | G43: =(25830/26456)*J28 -> 2.7982825e+10 | H43: =+D43+E43+F43+G43 -> 1.0165525e+11 | I43: =(+D43)/H43 -> 0.72258367 | J43: =(+E43+F43+G43)/H43 -> 0.27741633
H44: High | I44: =MAX(I37:I43) -> 0.72258367 | J44: =MAX(J37:J43) -> 0.56418526
H45: Low | I45: =MIN(I37:I43) -> 0.43581474 | J45: =MIN(J37:J43) -> 0.27741633
H46: Median | I46: =MEDIAN(I37:I43) -> 0.65394818 | J46: =MEDIAN(J37:J43) -> 0.34605182
H47: Mean | I47: =AVERAGE(I37:I43) -> 0.62641474 | J47: =AVERAGE(J37:J43) -> 0.37358526
H49: Selected > | I49: 0.63 | J49: 0.37
A53: Notes:
A54: The capital structure of this industry is a representative or typical capital structure of the group, not that of the present owner. The capital structure selected reflects the most likely arrangement of a prospective buyer.
A56: * Outstanding stock shares are generally already net of Treasury stock shares
A57: ** Debt includes LT Debt , Current portion of LT Debt, and Finance leases from 10K
A58: *** Market value of preferred stock assumed to equal book value
A59: *** Market value of operating leases for all companies including the airlines and railroads
A60: Canadian Conversion = .6948 USD
A62: Companies excluded from the study >
A63: Antero Midstream Corp (AM) - This company is engaged in gas gathering, processing, well clean-up, compression, and well completion operations
A64: Clean Energy Fuels (CLNE) - Provides compressed gas to service stations and gas leased vehicles.
A65: Pembina Pipeline (PPL.TO) Candian location. Does have pipelines for gas & oil tranportation in western Canada.
A66: World Fuel Services (INT) - This company sells marine and aviation fuel products.
... A73: Cheniere Energy - LNG business. Pipelines in the Gulf coast area

Sheet Market to Book Ratios
A1: KENTUCKY DEPARTMENT OF REVENUE
A2: DIVISION OF STATE VALUATION, PUBLIC SERVICE BRANCH
A3: 2026 Tax Year
A9: =+'S&D'!A12 -> Natural Gas Transmission Pipeline Carrier | E9: Market to Book Ratios - Obsolescence Measurement
E10: YEAR END 12/31/2025
B17: Ticker | C17: Industry | F17: Market to
B18: Symbol | C18: Group | D18: Common Total Equity | E18: Common Total Equity | F18: Book Ratio
A19: Company | D19: Market Value | E19: Book Value
A20: VL | B20: VL | C20: VL | D20: VL | E20: 10K
A22: =+'S&D'!A22 -> Enbridge Inc | B22: =+'S&D'!B22 -> ENB.TO | C22: =+'S&D'!C22 -> Oil & Gas Distribution | D22: =+'S&D'!D37 -> 143313760000 | E22: =62333000000*0.6295 -> 39238623500 | F22: =+D22/E22 -> 3.6523646 | H22: Canadian Conversion = .6275 USD
A23: =+'S&D'!A23 -> Energy Transfer LP | B23: =+'S&D'!B23 -> ET | C23: =+'S&D'!C23 -> Pipeline MLPs | D23: =+'S&D'!D38 -> 5.6725382e+10 | E23: =34366000000 -> 34366000000 | F23: =+D23/E23 -> 1.6506251
A24: =+'S&D'!A24 -> Enterprise Products Partnership LP | B24: =+'S&D'!B24 -> EPD | C24: =+'S&D'!C24 -> Pipeline MLPs | D24: =+'S&D'!D39 -> 6.9306047e+10 | E24: 29739000000 | F24: =+D24/E24 -> 2.3304767
A25: =+'S&D'!A25 -> Kinder Morgan Inc | B25: =+'S&D'!B25 -> KMI | C25: =+'S&D'!C25 -> Oil & Gas Distribution | D25: =+'S&D'!D40 -> 6.115914e+10 | E25: 31162000000 | F25: =+D25/E25 -> 1.9626192
A26: =+'S&D'!A26 -> ONEOK Inc | B26: =+'S&D'!B26 -> OKE | C26: =+'S&D'!C26 -> Oil & Gas Distribution | D26: =+'S&D'!D41 -> 4.6283515e+10 | E26: 22485000000 | F26: =+D26/E26 -> 2.0584174
A27: =+'S&D'!A27 -> TC Energy Corp | B27: =+'S&D'!B27 -> TRP | C27: =+'S&D'!C27 -> Oil & Gas Distribution | D27: =+'S&D'!D42 -> 57265410000 | E27: =27295000000*0.6275 -> 1.7127612e+10 | F27: =+D27/E27 -> 3.3434555 | H27: Canadian Conversion = .6275 USD
A28: =+'S&D'!A28 -> Williams Companys Inc | B28: =+'S&D'!B28 -> WMB | C28: =+'S&D'!C28 -> Oil & Gas Distribution | D28: =+'S&D'!D43 -> 73454420000 | E28: 12807000000 | F28: =+D28/E28 -> 5.73549
E29: AVERAGE | F29: =AVERAGE(F22:F28) -> 2.9619212
B35: Ticker | C35: Industry | F35: Market to
B36: Symbol | C36: Group | D36: Long Term Debt | E36: Long Term Debt | F36: Book Ratio
A37: Company | D37: Market Value | E37: Book Value
A38: VL | B38: VL | C38: VL | D38: 10K | E38: 10K
A40: =+A22 -> Enbridge Inc | B40: =+B22 -> ENB.TO | C40: =+C22 -> Oil & Gas Distribution | D40: =+'S&D'!G37 -> 6.7763552e+10 | E40: =+'S&D'!J22 -> 6.5256235e+10 | F40: =+D40/E40 -> 1.0384226
A41: =+A23 -> Energy Transfer LP | B41: =+B23 -> ET | C41: =+C23 -> Pipeline MLPs | D41: =+'S&D'!G38 -> 6.855301e+10 | E41: =+'S&D'!J23 -> 68333000000 | F41: =+D41/E41 -> 1.0032197
A42: =+A24 -> Enterprise Products Partnership LP | B42: =+B24 -> EPD | C42: =+C24 -> Pipeline MLPs | D42: =+'S&D'!G39 -> 3.2478563e+10 | E42: =+'S&D'!J24 -> 34395000000 | F42: =+D42/E42 -> 0.94428152
A43: =+A25 -> Kinder Morgan Inc | B43: =+B25 -> KMI | C43: =+C25 -> Oil & Gas Distribution | D43: =+'S&D'!G41 -> 3.2695913e+10 | E43: =+'S&D'!J25 -> 32185000000 | F43: =+D43/E43 -> 1.0158742
A44: =+A26 -> ONEOK Inc | B44: =+B26 -> OKE | C44: =+C26 -> Oil & Gas Distribution | D44: =+'S&D'!G42 -> 2.99443e+10 | E44: =+'S&D'!J26 -> 31996000000 | F44: =+D44/E44 -> 0.93587636
A45: =+A27 -> TC Energy Corp | B45: =+B27 -> TRP | C45: =+C27 -> Oil & Gas Distribution | D45: =+'S&D'!G43 -> 2.7982825e+10 | E45: =+'S&D'!J27 -> 2.936198e+10 | F45: =+D45/E45 -> 0.95302924
A46: =+A28 -> Williams Companys Inc | B46: =+B28 -> WMB | C46: =+C28 -> Oil & Gas Distribution | D46: =+'S&D'!G43 -> 2.7982825e+10 | E46: =+'S&D'!J28 -> 28661000000 | F46: =+D46/E46 -> 0.97633807
E47: AVERAGE | F47: =AVERAGE(F40:F46) -> 0.98100596
C52: Capital | D52: Market
C53: Structure | D53: to Book | E53: Composite
A54: EQUITY | C54: =+'Yield CapRate'!C23 -> 0.63 | D54: =+F29 -> 2.9619212 | E54: =+C54*D54 -> 1.8660104
A55: DEBT | B55: ='S&D'!I34 | C55: =+'Yield CapRate'!C25 -> 0.37 | D55: =+F47 -> 0.98100596 | E55: =+C55*D55 -> 0.36297221
D56: Total | E56: =+E54+E55 -> 2.2289826
A59: A market to book ratio over one would be an indication of no obsolescence.
A60: Common Total Equity excludes 'noncontrolling interests' equity value.

Sheet Maintenance CapEx
A1: KENTUCKY DEPARTMENT OF REVENUE
A2: DIVISION OF STATE VALUATION, PUBLIC SERVICE BRANCH
A3: 2026 Tax Year
A8: =+'S&D'!A12 -> Natural Gas Transmission Pipeline Carrier | G8: Maintenance Capital Expenditures
G9: Estimate using Guideline Companies
G10: YEAR END 12/31/2025
A14: A | B14: B | C14: C | D14: D | E14: E | F14: F | G14: G | H14: H | I14: I | J14: J | K14: K | L14: L
B15: Ticker | C15: Inflation | D15: PP&E Gross | E15: PP&E Gross | F15: PP&E | G15: Depreciation | H15: Average Life of | I15: * | J15: * | K15: Replacement | L15: RC as % of
A16: Company | B16: Symbol | C16: Rate % | D16: Current Year | E16: Previous Year | F16: Average | G16: Expense | H16: Assets | K16: Cost | L16: Depreciation
A17: VL | B17: VL | C17: CPI | D17: 10K Balance Sheet | E17: 10K Balance Sheet | F17: (D+E)/2 | G17: 10K Income Statement | H17: F/G | I17: C*H | J17: 1/(1=C)^H | K17: (G*I) / (1-J) | L17: K/G
A20: =+'S&D'!A22 -> Enbridge Inc | B20: =+'S&D'!B22 -> ENB.TO | C20: =+'Growth & Inflation Rates'!$D$56 -> 0.0228 | D20: =172738000000*0.6275 -> 1.0839309e+11 | E20: =169066000000*0.6948 -> 117467056800 | F20: =(D20+E20)/2 -> 112930075900 | G20: =5661000000*0.6275 -> 3.5522775e+09 | H20: =+F20/G20 -> 31.790894 | I20: =+C20*H20 -> 0.72483237 | J20: =1/(1+C20)^H20 -> 0.48836472 | K20: =(G20*I20)/(1-J20) -> 5.0325023e+09 | L20: =+K20/G20 -> 1.4166974 | M20: Canadian Conversion = .6275 USD
A21: =+'S&D'!A23 -> Energy Transfer LP | B21: =+'S&D'!B23 -> ET | C21: =+'Growth & Inflation Rates'!$D$56 -> 0.0228 | D21: 141283000000 | E21: 129242000000 | F21: =(D21+E21)/2 -> 135262500000 | G21: 5682000000 | H21: =+F21/G21 -> 23.805438 | I21: =+C21*H21 -> 0.54276399 | J21: =1/(1+C21)^H21 -> 0.58469265 | K21: =(G21*I21)/(1-J21) -> 7.4257896e+09 | L21: =+K21/G21 -> 1.3068972
A22: =+'S&D'!A24 -> Enterprise Products Partnership LP | B22: =+'S&D'!B24 -> EPD | C22: =+'Growth & Inflation Rates'!$D$56 -> 0.0228 | D22: =75472000000+225000000 -> 75697000000 | E22: 71203000000 | F22: =(D22+E22)/2 -> 73450000000 | G22: 2551000000 | H22: =+F22/G22 -> 28.79263 | I22: =+C22*H22 -> 0.65647197 | J22: =1/(1+C22)^H22 -> 0.52251581 | K22: =(G22*I22)/(1-J22) -> 3.5072575e+09 | L22: =+K22/G22 -> 1.3748559
A23: =+'S&D'!A25 -> Kinder Morgan Inc | B23: =+'S&D'!B25 -> KMI | C23: =+'Growth & Inflation Rates'!$D$56 -> 0.0228 | D23: =39331000000+12970000000 -> 52301000000 | E23: =38013000000+11470000000 -> 49483000000 | F23: =(D23+E23)/2 -> 50892000000 | G23: 2453000000 | H23: =+F23/G23 -> 20.746841 | I23: =+C23*H23 -> 0.47302797 | J23: =1/(1+C23)^H23 -> 0.62643138 | K23: =(G23*I23)/(1-J23) -> 3.1060896e+09 | L23: =+K23/G23 -> 1.2662412
A24: =+'S&D'!A26 -> ONEOK Inc | B24: =+'S&D'!B26 -> OKE | C24: =+'Growth & Inflation Rates'!$D$56 -> 0.0228 | D24: 55489000000 | E24: 52274000000 | F24: =(D24+E24)/2 -> 53881500000 | G24: 1514000000 | H24: =+F24/G24 -> 35.588838 | I24: =+C24*H24 -> 0.8114255 | J24: =1/(1+C24)^H24 -> 0.44829065 | K24: =(G24*I24)/(1-J24) -> 2.2267127e+09 | L24: =+K24/G24 -> 1.4707481
A25: =+'S&D'!A27 -> TC Energy Corp | B25: =+'S&D'!B27 -> TRP | C25: =+'Growth & Inflation Rates'!$D$56 -> 0.0228 | D25: =108005000000*0.6275 -> 6.7773137e+10 | E25: =112898000000*0.6948 -> 78441530400 | F25: =(D25+E25)/2 -> 73107333950 | G25: =2769000000*0.6275 -> 1.7375475e+09 | H25: =+F25/G25 -> 42.075013 | I25: =+C25*H25 -> 0.9593103 | J25: =1/(1+C25)^H25 -> 0.38730701 | K25: =(G25*I25)/(1-J25) -> 2.720526e+09 | L25: =+K25/G25 -> 1.5657276 | M25: Canadian Conversion = .6275 USD
A26: =+'S&D'!A28 -> Williams Companys Inc | B26: =+'S&D'!B28 -> WMB | C26: =+'Growth & Inflation Rates'!$D$56 -> 0.0228 | D26: 62010000000 | E26: 38692000000 | F26: =(D26+E26)/2 -> 50351000000 | G26: 2347000000 | H26: =+F26/G26 -> 21.453345 | I26: =+C26*H26 -> 0.48913626 | J26: =1/(1+C26)^H26 -> 0.61653299 | K26: =(G26*I26)/(1-J26) -> 2.993746e+09 | L26: =+K26/G26 -> 1.2755628
K28: High | L28: =MAX(L20:L26) -> 1.5657276
K29: Low | L29: =MIN(L20:L26) -> 1.2662412
K30: Median | L30: =MEDIAN(L20:L26) -> 1.3748559
K31: Mean | L31: =AVERAGE(L20:L26) -> 1.38239
K33: Selected > | L33: 1.3824
A36: Notes:
A37: *Cornell, B. & Gerger, R. (2017) Estimating Terminal Values with Inflation : The Inputs Matter - It is Not a Formulaic Exercise. Business Valuation Review, Vol.36, Number 4, 117-123.
A39: Property, Plant & Equipment includes CWIP, but should exclude intangibles and the associated amortization.
A41: KENTUCKY DEPARTMENT OF REVENUE
A42: DIVISION OF STATE VALUATION, PUBLIC SERVICE BRANCH
A43: 2026 Tax Year
G48: Maintenance Capital Expenditures and Change in Working Capital
G49: YEAR END 12/31/2025
A54: g = b X ROE | C54: The plowback ratio is multiplied by Net Cash Flow to estimate the amount of additional capital expenditures needed to achieve projected results.
A55: b = g / ROE | C55: It is assumed that the ROE is a fixed (unchanging) rate.
A56: g = LT growth rate
A57: b = reinvestment rate
A58: ROE = Return on equity (or return on investment)
A64: Aswath Damodaran's model to determine the Reinvesment Rate >
A66: Reinvestment Rate = | D66: Capital Expenditures - Depreciation + Change in Working Capital
D67: EBIT (1-Tax Rate)

Sheet Beta for CAPM
A1: KENTUCKY DEPARTMENT OF REVENUE
A2: DIVISION OF STATE VALUATION, PUBLIC SERVICE BRANCH
A3: 2026 Tax Year
A8: =+'S&D'!A12 -> Natural Gas Transmission Pipeline Carrier
E9: BETA SELECTION for CAPM
E10: YEAR END 12/31/2025
B13: Ticker | C13: Industry | D13: Historic | E13: Return on | F13: Retained to | G13: Financial | H13: Levered Beta | I13: Levered Beta
A14: Company | B14: Symbol | C14: Group | D14: Tax Rate | E14: Shareholders Equity | F14: Common Equity | G14: Strength | H14: Historic | I14: Current
A15: VL | B15: VL | C15: VL | D15: VL | E15: Vl Projected 2026 | F15: Vl Projected 2026 | G15: VL | H15: VL | I15: Vl Projected 2026
A18: =+'S&D'!A22 -> Enbridge Inc | B18: =+'S&D'!B22 -> ENB.TO | C18: =+'S&D'!C22 -> Oil & Gas Distribution | D18: 0.15 | E18: 0.085 | F18: NMF | G18: B++ | H18: 0.75 | I18: 0.7
A19: =+'S&D'!A23 -> Energy Transfer LP | B19: =+'S&D'!B23 -> ET | C19: =+'S&D'!C23 -> Pipeline MLPs | D19: 0.08 | E19: 0.14 | F19: 0.005 | G19: B++ | H19: 1.1 | I19: 1.05
A20: =+'S&D'!A24 -> Enterprise Products Partnership LP | B20: =+'S&D'!B24 -> EPD | C20: =+'S&D'!C24 -> Pipeline MLPs | D20: 0.015 | E20: 0.2 | F20: 0.04 | G20: A | H20: 1 | I20: 0.85
A21: =+'S&D'!A25 -> Kinder Morgan Inc | B21: =+'S&D'!B25 -> KMI | C21: =+'S&D'!C25 -> Oil & Gas Distribution | D21: 0.21 | E21: 0.1 | F21: 0.015 | G21: B++ | H21: 1.05 | I21: 1
A22: =+'S&D'!A26 -> ONEOK Inc | B22: =+'S&D'!B26 -> OKE | C22: =+'S&D'!C26 -> Oil & Gas Distribution | D22: 0.21 | E22: 0.165 | F22: 0.05 | G22: B++ | H22: 1.4 | I22: 1.3
A23: =+'S&D'!A27 -> TC Energy Corp | B23: =+'S&D'!B27 -> TRP | C23: =+'S&D'!C27 -> Oil & Gas Distribution | D23: 0.21 | E23: 0.14 | F23: 0.03 | G23: B++ | H23: 0.95 | I23: 0.9
A24: =+'S&D'!A28 -> Williams Companys Inc | B24: =+'S&D'!B28 -> WMB | C24: =+'S&D'!C28 -> Oil & Gas Distribution | D24: 0.21 | E24: 0.245 | F24: 0.03 | G24: B++ | H24: 0.95 | I24: 0.9
G25: High | H25: =MAX(H18:H24) -> 1.4 | I25: =MAX(I18:I24) -> 1.3
G26: Low | H26: =MIN(H18:H24) -> 0.75 | I26: =MIN(I18:I24) -> 0.7
G27: Median | H27: =MEDIAN(H18:H24) -> 1 | I27: =MEDIAN(I18:I24) -> 0.9
G28: Mean | H28: =AVERAGE(H18:H24) -> 1.0285714 | I28: =AVERAGE(I18:I24) -> 0.95714286
H30: Selected | I30: 0.96
A33: Return on Shareholders Equity -- Annual net profit divided by year-end shareholders equity, expressed as a percentage.
A34: Retained to Common Equity -- Net profit less all common and preferred dividends divided by common equity including intangible assets, expressed as a percentage. Also known as the plowback ratio.

Sheet Dividends 
A1: KENTUCKY DEPARTMENT OF REVENUE
A2: DIVISION OF STATE VALUATION, PUBLIC SERVICE BRANCH
A3: 2026 Tax Year
A6: =+'S&D'!A12 -> Natural Gas Transmission Pipeline Carrier
E7: Dividend Data
E8: YEAR END 12/31/2025
B10: Ticker | C10: Industry | D10: Stock | E10: Dividends | F10: Dividend | G10: Dividends | H10: Dividend | I10: Dividends | J10: Dividend | K10: Short Term
B11: Symbol | C11: Group | D11: Price | E11: Per Share | F11: Yield | G11: Per Share | H11: Yield | I11: Per Share | J11: Yield | K11: Growth Rate
A12: Company | E12: Historic | F12: Historic | G12: 1 Yr Projected | H12: 1 Yr Projected | I12: 3-5 Yr Projected | J12: 3-5 Yr Projected | K12: (1)
A13: VL | B13: VL | C13: VL | D13: Year End | E13: VL | F13: Calculated | G13: VL | H13: Calculated | I13: VL | J13: Calculated | K13: Calculated
A16: =+'S&D'!A22 -> Enbridge Inc | B16: =+'S&D'!B22 -> ENB.TO | C16: =+'S&D'!C22 -> Oil & Gas Distribution | D16: =+'S&D'!G22 -> 65.68 | E16: 3.9 | F16: =+E16/D16 -> 0.059378806 | G16: 3.9 | H16: =+G16/D16 -> 0.059378806 | I16: 4 | J16: =+I16/D16 -> 0.06090134 | K16: =RATE(3,,-G16,I16) -> 0.0084749803
A17: =+'S&D'!A23 -> Energy Transfer LP | B17: =+'S&D'!B23 -> ET | C17: =+'S&D'!C23 -> Pipeline MLPs | D17: =+'S&D'!G23 -> 16.49 | E17: 1.36 | F17: =+E17/D17 -> 0.082474227 | G17: 1.4 | H17: =+G17/D17 -> 0.084899939 | I17: 1.5 | J17: =+I17/D17 -> 0.090964221 | K17: =RATE(3,,-G17,I17) -> 0.023264108
A18: =+'S&D'!A24 -> Enterprise Products Partnership LP | B18: =+'S&D'!B24 -> EPD | C18: =+'S&D'!C24 -> Pipeline MLPs | D18: =+'S&D'!G24 -> 32.06 | E18: 2.24 | F18: =+E18/D18 -> 0.069868996 | G18: 2.32 | H18: =+G18/D18 -> 0.072364317 | I18: 3.8 | J18: =+I18/D18 -> 0.11852776 | K18: =RATE(3,,-G18,I18) -> 0.17877759
A19: =+'S&D'!A25 -> Kinder Morgan Inc | B19: =+'S&D'!B25 -> KMI | C19: =+'S&D'!C25 -> Oil & Gas Distribution | D19: =+'S&D'!G25 -> 27.49 | E19: 1.19 | F19: =+E19/D19 -> 0.043288469 | G19: 1.21 | H19: =+G19/D19 -> 0.044016006 | I19: 1.55 | J19: =+I19/D19 -> 0.05638414 | K19: =RATE(3,,-G19,I19) -> 0.086047389
A20: =+'S&D'!A26 -> ONEOK Inc | B20: =+'S&D'!B26 -> OKE | C20: =+'S&D'!C26 -> Oil & Gas Distribution | D20: =+'S&D'!G26 -> 73.5 | E20: 4.28 | F20: =+E20/D20 -> 0.058231293 | G20: 4.4 | H20: =+G20/D20 -> 0.059863946 | I20: 6 | J20: =+I20/D20 -> 0.081632653 | K20: =RATE(3,,-G20,I20) -> 0.10891823
A21: =+'S&D'!A27 -> TC Energy Corp | B21: =+'S&D'!B27 -> TRP | C21: =+'S&D'!C27 -> Oil & Gas Distribution | D21: =+'S&D'!G27 -> 55.01 | E21: 2.55 | F21: =+E21/D21 -> 0.046355208 | G21: 2.7 | H21: =+G21/D21 -> 0.049081985 | I21: 3.15 | J21: =+I21/D21 -> 0.057262316 | K21: =RATE(3,,-G21,I21) -> 0.0527266
A22: =+'S&D'!A28 -> Williams Companys Inc | B22: =+'S&D'!B28 -> WMB | C22: =+'S&D'!C28 -> Oil & Gas Distribution | D22: =+'S&D'!G28 -> 60.11 | E22: 2.1 | F22: =+E22/D22 -> 0.034935951 | G22: 2.2 | H22: =+G22/D22 -> 0.036599567 | I22: 2.6 | J22: =+I22/D22 -> 0.043254034 | K22: =RATE(3,,-G22,I22) -> 0.05726427
D24: High | E24: =MAX(E16:E22) -> 4.28 | F24: =MAX(F16:F22) -> 0.082474227 | G24: =MAX(G16:G22) -> 4.4 | H24: =MAX(H16:H22) -> 0.084899939 | I24: =MAX(I16:I22) -> 6 | J24: =MAX(J16:J22) -> 0.11852776 | K24: =MAX(K16:K22) -> 0.17877759
D25: Low | E25: =+MIN(E16:E22) -> 1.19 | F25: =+MIN(F16:F22) -> 0.034935951 | G25: =+MIN(G16:G22) -> 1.21 | H25: =+MIN(H16:H22) -> 0.036599567 | I25: =+MIN(I16:I22) -> 1.5 | J25: =+MIN(J16:J22) -> 0.043254034 | K25: =+MIN(K16:K22) -> 0.0084749803
D26: Median | E26: =MEDIAN(E16:E22) -> 2.24 | F26: =MEDIAN(F16:F22) -> 0.058231293 | G26: =MEDIAN(G16:G22) -> 2.32 | H26: =MEDIAN(H16:H22) -> 0.059378806 | I26: =MEDIAN(I16:I22) -> 3.15 | J26: =MEDIAN(J16:J22) -> 0.06090134 | K26: =MEDIAN(K16:K22) -> 0.05726427
D27: Mean | E27: =AVERAGE(E16:E22) -> 2.5171429 | F27: =AVERAGE(F16:F22) -> 0.05636185 | G27: =AVERAGE(G16:G22) -> 2.59 | H27: =AVERAGE(H16:H22) -> 0.058029224 | I27: =AVERAGE(I16:I22) -> 3.2285714 | J27: =AVERAGE(J16:J22) -> 0.072703781 | K27: =AVERAGE(K16:K22) -> 0.073639024
A30: (1) 4 Year compound annual growth rate (CAGR) - 3 periods

Sheet Earnings
A1: KENTUCKY DEPARTMENT OF REVENUE
A2: DIVISION OF STATE VALUATION, PUBLIC SERVICE BRANCH
A3: 2026 Tax Year
A6: =+'S&D'!A12 -> Natural Gas Transmission Pipeline Carrier
E7: Earnings Data
E8: YEAR END 12/31/2025
B10: Ticker | C10: Industry | D10: Stock | E10: Earnings | F10: Earnings | G10: Earnings | H10: Earnings | I10: Earnings | J10: Earnings | K10: Short Term
B11: Symbol | C11: Group | D11: Price | E11: Per Share | F11: Yield | G11: Per Share | H11: Yield | I11: Per Share | J11: Yield | K11: Growth Rate
A12: Company | E12: Historic | F12: Historic | G12: 1 Yr Projected | H12: 1 Yr Projected | I12: 3-5 Yr Projected | J12: 3-5 Yr Projected | K12: (1)
A13: VL | B13: VL | C13: VL | D13: Year End | E13: VL | F13: Calculated | G13: VL | H13: Calculated | I13: VL | J13: Calculated | K13: Calculated
A16: =+'S&D'!A22 -> Enbridge Inc | B16: =+'S&D'!B22 -> ENB.TO | C16: =+'S&D'!C22 -> Oil & Gas Distribution | D16: =+'S&D'!G22 -> 65.68 | E16: 2.6 | F16: =+E16/D16 -> 0.039585871 | G16: 2.7 | H16: =+G16/D16 -> 0.041108404 | I16: 3.5 | J16: =+I16/D16 -> 0.053288672 | K16: =RATE(3,,-G16,I16) -> 0.090355437
A17: =+'S&D'!A23 -> Energy Transfer LP | B17: =+'S&D'!B23 -> ET | C17: =+'S&D'!C23 -> Pipeline MLPs | D17: =+'S&D'!G23 -> 16.49 | E17: 1.4 | F17: =+E17/D17 -> 0.084899939 | G17: 1.5 | H17: =+G17/D17 -> 0.090964221 | I17: 2 | J17: =+I17/D17 -> 0.12128563 | K17: =RATE(3,,-G17,I17) -> 0.10064242
A18: =+'S&D'!A24 -> Enterprise Products Partnership LP | B18: =+'S&D'!B24 -> EPD | C18: =+'S&D'!C24 -> Pipeline MLPs | D18: =+'S&D'!G24 -> 32.06 | E18: 2.8 | F18: =+E18/D18 -> 0.087336245 | G18: 3.05 | H18: =+G18/D18 -> 0.095134124 | I18: 3.8 | J18: =+I18/D18 -> 0.11852776 | K18: =RATE(3,,-G18,I18) -> 0.076038769
A19: =+'S&D'!A25 -> Kinder Morgan Inc | B19: =+'S&D'!B25 -> KMI | C19: =+'S&D'!C25 -> Oil & Gas Distribution | D19: =+'S&D'!G25 -> 27.49 | E19: 1.4 | F19: =+E19/D19 -> 0.05092761 | G19: 1.5 | H19: =+G19/D19 -> 0.054565296 | I19: 1.9 | J19: =+I19/D19 -> 0.069116042 | K19: =RATE(3,,-G19,I19) -> 0.081983856
A20: =+'S&D'!A26 -> ONEOK Inc | B20: =+'S&D'!B26 -> OKE | C20: =+'S&D'!C26 -> Oil & Gas Distribution | D20: =+'S&D'!G26 -> 73.5 | E20: 6.25 | F20: =+E20/D20 -> 0.085034014 | G20: 7 | H20: =+G20/D20 -> 0.095238095 | I20: 10 | J20: =+I20/D20 -> 0.13605442 | K20: =RATE(3,,-G20,I20) -> 0.12624788
A21: =+'S&D'!A27 -> TC Energy Corp | B21: =+'S&D'!B27 -> TRP | C21: =+'S&D'!C27 -> Oil & Gas Distribution | D21: =+'S&D'!G27 -> 55.01 | E21: 3.2 | F21: =+E21/D21 -> 0.058171242 | G21: 3.75 | H21: =+G21/D21 -> 0.068169424 | I21: 5.25 | J21: =+I21/D21 -> 0.095437193 | K21: =RATE(3,,-G21,I21) -> 0.11868894
A22: =+'S&D'!A28 -> Williams Companys Inc | B22: =+'S&D'!B28 -> WMB | C22: =+'S&D'!C28 -> Oil & Gas Distribution | D22: =+'S&D'!G28 -> 60.11 | E22: 2.4 | F22: =+E22/D22 -> 0.039926801 | G22: 2.7 | H22: 0.034 | I22: 3.4 | J22: =+I22/D22 -> 0.056562968 | K22: =RATE(3,,-G22,I22) -> 0.0798706
D24: High | E24: =+MAX(E16:E22) -> 6.25 | F24: =+MAX(F16:F22) -> 0.087336245 | G24: =+MAX(G16:G22) -> 7 | H24: =+MAX(H16:H22) -> 0.095238095 | I24: =+MAX(I16:I22) -> 10 | J24: =+MAX(J16:J22) -> 0.13605442 | K24: =+MAX(K16:K22) -> 0.12624788
D25: Low | E25: =+MIN(E16:E22) -> 1.4 | F25: =+MIN(F16:F22) -> 0.039585871 | G25: =+MIN(G16:G22) -> 1.5 | H25: =+MIN(H16:H22) -> 0.034 | I25: =+MIN(I16:I22) -> 1.9 | J25: =+MIN(J16:J22) -> 0.053288672 | K25: =+MIN(K16:K22) -> 0.076038769
D26: Median | E26: =MEDIAN(E16:E22) -> 2.6 | F26: =MEDIAN(F16:F22) -> 0.058171242 | G26: =MEDIAN(G16:G22) -> 2.7 | H26: =MEDIAN(H16:H22) -> 0.068169424 | I26: =MEDIAN(I16:I22) -> 3.5 | J26: =MEDIAN(J16:J22) -> 0.095437193 | K26: =MEDIAN(K16:K22) -> 0.090355437
D27: Mean | E27: =AVERAGE(E16:E22) -> 2.8642857 | F27: =AVERAGE(F16:F22) -> 0.063697389 | G27: =AVERAGE(G16:G22) -> 3.1714286 | H27: =AVERAGE(H16:H22) -> 0.068454223 | I27: =AVERAGE(I16:I22) -> 4.2642857 | J27: =AVERAGE(J16:J22) -> 0.092896098 | K27: =AVERAGE(K16:K22) -> 0.096261129
A30: (1) 4 Year compound annual growth rate (CAGR) - 3 periods

Sheet Debt
A1: KENTUCKY DEPARTMENT OF REVENUE
A2: DIVISION OF STATE VALUATION, PUBLIC SERVICE BRANCH
A3: 2026 Tax Year
A6: =+'S&D'!A12 -> Natural Gas Transmission Pipeline Carrier
E7: DEBT RATE for Direct and Yield Approach
E8: YEAR END 12/31/2025
B10: Ticker | C10: Industry | D10: Actual | E10: Financial | F10: S & P | G10: Numeric | H10: Moody's Bond | I10: Numeric | J10: Mergent Bond
A11: Company | B11: Symbol | C11: Group | D11: Tax Rate | E11: Strength | F11: Rating | G11: Rating | H11: Rating | I11: Rating | J11: Debt Rate
A12: VL | B12: VL | C12: VL | D12: VL | E12: VL
A15: =+'S&D'!A22 -> Enbridge Inc | B15: =+'S&D'!B22 -> ENB.TO | C15: =+'S&D'!C22 -> Oil & Gas Distribution | D15: =+'Beta for CAPM'!D18 -> 0.15 | E15: =+'Beta for CAPM'!G18 -> B++ | F15: BBB+ | G15: 10 | H15: Baa2 | I15: 11 | J15: =VLOOKUP(I15,$B$35:$D$58,3,0) -> 0.059
A16: =+'S&D'!A23 -> Energy Transfer LP | B16: =+'S&D'!B23 -> ET | C16: =+'S&D'!C23 -> Pipeline MLPs | D16: =+'Beta for CAPM'!D19 -> 0.08 | E16: =+'Beta for CAPM'!G19 -> B++ | F16: BBB | G16: 11 | H16: Baa2 | I16: 11 | J16: =VLOOKUP(I16,$B$35:$D$58,3,0) -> 0.059
A17: =+'S&D'!A24 -> Enterprise Products Partnership LP | B17: =+'S&D'!B24 -> EPD | C17: =+'S&D'!C24 -> Pipeline MLPs | D17: =+'Beta for CAPM'!D20 -> 0.015 | E17: =+'Beta for CAPM'!G20 -> A | F17: A- | G17: 9 | H17: A3 | I17: 9 | J17: =VLOOKUP(I17,$B$35:$D$58,3,0) -> 0.0563
A18: =+'S&D'!A25 -> Kinder Morgan Inc | B18: =+'S&D'!B25 -> KMI | C18: =+'S&D'!C25 -> Oil & Gas Distribution | D18: =+'Beta for CAPM'!D21 -> 0.21 | E18: =+'Beta for CAPM'!G21 -> B++ | F18: BBB+ | G18: 10 | H18: Baa1 | I18: 10 | J18: =VLOOKUP(I18,$B$35:$D$58,3,0) -> 0.059
A19: =+'S&D'!A26 -> ONEOK Inc | B19: =+'S&D'!B26 -> OKE | C19: =+'S&D'!C26 -> Oil & Gas Distribution | D19: =+'Beta for CAPM'!D22 -> 0.21 | E19: =+'Beta for CAPM'!G22 -> B++ | F19: BBB | G19: 11 | H19: Baa2 | I19: 11 | J19: =VLOOKUP(I19,$B$35:$D$58,3,0) -> 0.059
A20: =+'S&D'!A27 -> TC Energy Corp | B20: =+'S&D'!B27 -> TRP | C20: =+'S&D'!C27 -> Oil & Gas Distribution | D20: =+'Beta for CAPM'!D23 -> 0.21 | E20: =+'Beta for CAPM'!G23 -> B++ | F20: BBB+ | G20: 10 | H20: Baa3 | I20: 12 | J20: =VLOOKUP(I20,$B$35:$D$58,3,0) -> 0.059
A21: =+'S&D'!A28 -> Williams Companys Inc | B21: =+'S&D'!B28 -> WMB | C21: =+'S&D'!C28 -> Oil & Gas Distribution | D21: =+'Beta for CAPM'!D24 -> 0.21 | E21: =+'Beta for CAPM'!G24 -> B++ | F21: BBB+ | G21: 10 | H21: Baa2 | I21: 11 | J21: =VLOOKUP(I21,$B$35:$D$58,3,0) -> 0.059
E23: High | G23: =MAX(G15:G21) -> 11 | I23: =MAX(I15:I21) -> 12 | J23: =MAX(J15:J21) -> 0.059
E24: Low | G24: =MIN(G15:G21) -> 9 | I24: =MIN(I15:I21) -> 9 | J24: =MIN(J15:J21) -> 0.0563
E25: Median | G25: =MEDIAN(G15:G21) -> 10 | I25: =MEDIAN(I15:I21) -> 11 | J25: =MEDIAN(J15:J21) -> 0.059
E26: Mean | G26: =AVERAGE(G15:G21) -> 10.142857 | I26: =AVERAGE(I15:I21) -> 10.714286 | J26: =AVERAGE(J15:J21) -> 0.058614286
H29: Indicated Rate of Debt > | J29: 0.0586
A33: Bond Rating Scale
A34: Moody's Rating | B34: Scale | C34: S&P Rating | D34: Corporate December Avg | E34: Utility December Avg
A35: Aaa1 | B35: 1 | C35: AAA+ | D35: 0.0531 | E35: 0.0531
A36: Aaa2 | B36: 2 | C36: AAA | D36: 0.0531 | E36: 0.0531 | F36: Obligations rated Aaa are judged to be of the highest quality, with minimal risk.
A37: Aaa3 | B37: 3 | C37: AAA- | D37: 0.0531 | E37: 0.0531
A38: Aa1 | B38: 4 | C38: AA+ | D38: 0.0549 | E38: 0.0557
A39: Aa2 | B39: 5 | C39: AA | D39: 0.0549 | E39: 0.0557 | F39: Obligations rated Aa are judged to be of high quality, with minimal risk.
A40: Aa3 | B40: 6 | C40: AA- | D40: 0.0549 | E40: 0.0557
A41: A1 | B41: 7 | C41: A+ | D41: 0.0563 | E41: 0.0568
A42: A2 | B42: 8 | C42: A | D42: 0.0563 | E42: 0.0568 | F42: Obligations rated A are considered upper-medium-grade and are sub­ject to low credit risk.
A43: A3 | B43: 9 | C43: A- | D43: 0.0563 | E43: 0.0568
A44: Baa1 | B44: 10 | C44: BBB+ | D44: 0.059 | E44: 0.0588
A45: Baa2 | B45: 11 | C45: BBB | D45: 0.059 | E45: 0.0588 | F45: Obligations rated Baa are subject to moderate credit risk. They are considered medium-grade and as such may possess speculative characteristics.
A46: Baa3 | B46: 12 | C46: BBB- | D46: 0.059 | E46: 0.0588
A47: Ba1 | B47: 13 | C47: BB+ | D47: 0.0813 | E47: 0.0814
A48: Ba2 | B48: 14 | C48: BB | D48: 0.0813 | E48: 0.0814 | F48: Obligations rated Ba are judged to have speculative elements and are subject to substantial credit risk.
A49: Ba3 | B49: 15 | C49: BB- | D49: 0.0813 | E49: 0.0814
A50: B1 | B50: 16 | C50: B+ | D50: 0.0899 | E50: 0.09
A51: B2 | B51: 17 | C51: B | D51: 0.0899 | E51: 0.09 | F51: Obligations rated B are considered speculative and are subject to high credit risk.
A52: B3 | B52: 18 | C52: B- | D52: 0.0899 | E52: 0.09
A53: Caa1 | B53: 19 | C53: CCC+ | D53: 0.0985 | E53: 0.0986
A54: Caa2 | B54: 20 | C54: CCC | D54: 0.0985 | E54: 0.0986 | F54: Obligations rated Caa are judged to be of poor standing and are subject to very high credit risk .
A55: Caa3 | B55: 21 | C55: CCC- | D55: 0.0985 | E55: 0.0986
A56: Ca1 | B56: 22 | C56: CC+
A57: Ca2 | B57: 23 | C57: CC | F57: Obligations rated Ca are highly speculative and are likely in, or very near, default, with some prospect of recovery in principal and interest.
A58: Ca3 | B58: 24 | C58: CC-
A59: C1 C2 C3 | B59: 25 | C59: C | F59: Obligations rated C are the lowest-rated class of bonds and are typical­ly in default, with little prospect for recovery of principal and interest.

Sheet Direct GCF
A1: KENTUCKY DEPARTMENT OF REVENUE
A2: DIVISION OF STATE VALUATION, PUBLIC SERVICE BRANCH
A3: 2026 Tax Year
A6: =+'S&D'!A12 -> Natural Gas Transmission Pipeline Carrier
D9: GCF CASH FLOW MULTIPLE & EQUITY RATE | K9: GCF CASH FLOW MULTIPLE & EQUITY RATE (1 Yr Projected VL)
D10: YEAR END 12/31/2025 | K10: YEAR END 12/31/2025
B12: Ticker | C12: Share | D12: Gross Cash Flow | E12: Gross Cash Flow | F12: Computed | H12: Ticker | I12: Share | J12: Gross Cash Flow | L12: Gross Cash Flow | M12: Computed
A13: Company | B13: Symbol | C13: Price | D13: Per Share | E13: Multiple | F13: Inverse | H13: Symbol | I13: Price | J13: Per Share | L13: Multiple | M13: Inverse
C14: Year End | D14: VL Historic | I14: Year End | J14: VL Projected
A17: =+'S&D'!A22 -> Enbridge Inc | B17: =+'S&D'!B22 -> ENB.TO | C17: =+'S&D'!G22 -> 65.68 | D17: 5.05 | E17: =C17/D17 -> 13.005941 | F17: =1/E17 -> 0.076887942 | H17: =+B17 -> ENB.TO | I17: =+C17 -> 65.68 | J17: 5.35 | L17: =I17/J17 -> 12.276636 | M17: =1/L17 -> 0.081455542
A18: =+'S&D'!A23 -> Energy Transfer LP | B18: =+'S&D'!B23 -> ET | C18: =+'S&D'!G23 -> 16.49 | D18: 3 | E18: =C18/D18 -> 5.4966667 | F18: =1/E18 -> 0.18192844 | H18: =+B18 -> ET | I18: =+C18 -> 16.49 | J18: 3.25 | L18: =I18/J18 -> 5.0738462 | M18: =1/L18 -> 0.19708914
A19: =+'S&D'!A24 -> Enterprise Products Partnership LP | B19: =+'S&D'!B24 -> EPD | C19: =+'S&D'!G24 -> 32.06 | D19: 4.2 | E19: =C19/D19 -> 7.6333333 | F19: =1/E19 -> 0.13100437 | H19: =+B19 -> EPD | I19: =+C19 -> 32.06 | J19: 4.6 | L19: NA | M19: NA
A20: =+'S&D'!A25 -> Kinder Morgan Inc | B20: =+'S&D'!B25 -> KMI | C20: =+'S&D'!G25 -> 27.49 | D20: 2.55 | E20: =C20/D20 -> 10.780392 | F20: =1/E20 -> 0.092761004 | H20: =+B20 -> KMI | I20: =+C20 -> 27.49 | J20: 2.7 | L20: =I20/J20 -> 10.181481 | M20: =1/L20 -> 0.098217534
A21: =+'S&D'!A26 -> ONEOK Inc | B21: =+'S&D'!B26 -> OKE | C21: =+'S&D'!G26 -> 73.5 | D21: 8.65 | E21: =C21/D21 -> 8.4971098 | F21: =1/E21 -> 0.11768707 | H21: =+B21 -> OKE | I21: =+C21 -> 73.5 | J21: 9.5 | L21: =I21/J21 -> 7.7368421 | M21: =1/L21 -> 0.1292517
A22: =+'S&D'!A27 -> TC Energy Corp | B22: =+'S&D'!B27 -> TRP | C22: =+'S&D'!G27 -> 55.01 | D22: 5.35 | E22: =C22/D22 -> 10.282243 | F22: =1/E22 -> 0.097255045 | H22: =+B22 -> TRP | I22: =+C22 -> 55.01 | J22: 6 | L22: =I22/J22 -> 9.1683333 | M22: =1/L22 -> 0.10907108
A23: =+'S&D'!A28 -> Williams Companys Inc | B23: =+'S&D'!B28 -> WMB | C23: =+'S&D'!G28 -> 60.11 | D23: 4.55 | E23: =C23/D23 -> 13.210989 | F23: =1/E23 -> 0.07569456 | H23: =+B23 -> WMB | I23: =+C23 -> 60.11 | J23: 5.1 | L23: =I23/J23 -> 11.786275 | M23: =1/L23 -> 0.084844452
C25: High | D25: =+MAX(D17:D23) -> 8.65 | E25: =+MAX(E17:E23) -> 13.210989 | F25: =+MAX(F17:F23) -> 0.18192844 | I25: High | J25: =+MAX(J17:J23) -> 9.5 | L25: =+MAX(L17:L23) -> 12.276636 | M25: =+MAX(M17:M23) -> 0.19708914
C26: Low | D26: =MIN(D17:D23) -> 2.55 | E26: =MIN(E17:E23) -> 5.4966667 | F26: =MIN(F17:F23) -> 0.07569456 | I26: Low | J26: =MIN(J17:J23) -> 2.7 | L26: =MIN(L17:L23) -> 5.0738462 | M26: =MIN(M17:M23) -> 0.081455542
C27: Median | D27: =MEDIAN(D17:D23) -> 4.55 | E27: =MEDIAN(E17:E23) -> 10.282243 | F27: =MEDIAN(F17:F23) -> 0.097255045 | I27: Median | J27: =MEDIAN(J17:J23) -> 5.1 | L27: =MEDIAN(L17:L23) -> 9.6749074 | M27: =MEDIAN(M17:M23) -> 0.10364431
C28: Mean | D28: =AVERAGE(D17:D23) -> 4.7642857 | E28: =AVERAGE(E17:E23) -> 9.8438107 | F28: =AVERAGE(F17:F23) -> 0.11045978 | I28: Mean | J28: =AVERAGE(J17:J23) -> 5.2142857 | L28: =AVERAGE(L17:L23) -> 9.3705688 | M28: =AVERAGE(M17:M23) -> 0.11665491
D30: Selected | E30: 9.84 | F30: 0.1105 | J30: Selected | L30: 9.37 | M30: 0.1167
E32: SELECTED AVERAGE > | G32: =(+E30+L30)/2 -> 9.605 | H32: =(+F30+M30)/2 -> 0.1136
A36: Cash flow is typically defined to be net income plus depreciation and amortization.
A37: This measure is considered relevant for companies with high non-cash charges reflected in the income statement. Non-cash charges include depreciation & amortization, goodwill impairments, asset write downs,
A38: stock based compensation, and deferred income taxes and investment tax credits.

Sheet Direct NOPAT
A1: KENTUCKY DEPARTMENT OF REVENUE
A2: DIVISION OF STATE VALUATION, PUBLIC SERVICE BRANCH
A3: 2026 Tax Year
A6: =+'S&D'!A12 -> Natural Gas Transmission Pipeline Carrier
E8: NOPAT CASH FLOW MULTIPLE & EQUITY RATE | K8: NOPAT CASH FLOW MULTIPLE & EQUITY RATE (1 Yr Projected VL)
E9: YEAR END 12/31/2025 | K9: YEAR END 12/31/2025
C11: Ticker | D11: Share | E11: NOPAT Earnings | F11: NOPAT | G11: Computed | I11: Ticker | J11: Share | K11: NOPAT Earnings | L11: NOPAT | M11: Computed
A12: Company | C12: Symbol | D12: Price | E12: Per Share | F12: Multiple | G12: Inverse | I12: Symbol | J12: Price | K12: Per Share | L12: Multiple | M12: Inverse
D13: Year End | E13: VL Historic | J13: Year End | K13: VL Projected NOI
A16: =+'S&D'!A22 -> Enbridge Inc | C16: =+'S&D'!B22 -> ENB.TO | D16: ='S&D'!G22 -> 65.68 | E16: =+Earnings!E16 -> 2.6 | F16: =D16/E16 -> 25.261538 | G16: =1/F16 -> 0.039585871 | I16: =+C16 -> ENB.TO | J16: =+D16 -> 65.68 | K16: =+Earnings!G16 -> 2.7 | L16: =J16/K16 -> 24.325926 | M16: =1/L16 -> 0.041108404
A17: =+'S&D'!A23 -> Energy Transfer LP | C17: =+'S&D'!B23 -> ET | D17: ='S&D'!G23 -> 16.49 | E17: =+Earnings!E17 -> 1.4 | F17: =D17/E17 -> 11.778571 | G17: =1/F17 -> 0.084899939 | I17: =+C17 -> ET | J17: =+D17 -> 16.49 | K17: =+Earnings!G17 -> 1.5 | L17: =J17/K17 -> 10.993333 | M17: =1/L17 -> 0.090964221
A18: =+'S&D'!A24 -> Enterprise Products Partnership LP | C18: =+'S&D'!B24 -> EPD | D18: ='S&D'!G24 -> 32.06 | E18: =+Earnings!E18 -> 2.8 | F18: =D18/E18 -> 11.45 | G18: =1/F18 -> 0.087336245 | I18: =+C18 -> EPD | J18: =+D18 -> 32.06 | K18: =+Earnings!G18 -> 3.05 | L18: =J18/K18 -> 10.511475 | M18: =1/L18 -> 0.095134124
A19: =+'S&D'!A25 -> Kinder Morgan Inc | C19: =+'S&D'!B25 -> KMI | D19: ='S&D'!G25 -> 27.49 | E19: =+Earnings!E19 -> 1.4 | F19: =D19/E19 -> 19.635714 | G19: =1/F19 -> 0.05092761 | I19: =+C19 -> KMI | J19: =+D19 -> 27.49 | K19: =+Earnings!G19 -> 1.5 | L19: =J19/K19 -> 18.326667 | M19: =1/L19 -> 0.054565296
A20: =+'S&D'!A26 -> ONEOK Inc | C20: =+'S&D'!B26 -> OKE | D20: ='S&D'!G26 -> 73.5 | E20: =+Earnings!E20 -> 6.25 | F20: =D20/E20 -> 11.76 | G20: =1/F20 -> 0.085034014 | I20: =+C20 -> OKE | J20: =+D20 -> 73.5 | K20: =+Earnings!G20 -> 7 | L20: =J20/K20 -> 10.5 | M20: =1/L20 -> 0.095238095
A21: =+'S&D'!A27 -> TC Energy Corp | C21: =+'S&D'!B27 -> TRP | D21: ='S&D'!G27 -> 55.01 | E21: =+Earnings!E21 -> 3.2 | F21: =D21/E21 -> 17.190625 | G21: =1/F21 -> 0.058171242 | I21: =+C21 -> TRP | J21: =+D21 -> 55.01 | K21: =+Earnings!G21 -> 3.75 | L21: =J21/K21 -> 14.669333 | M21: =1/L21 -> 0.068169424
A22: =+'S&D'!A28 -> Williams Companys Inc | C22: =+'S&D'!B28 -> WMB | D22: ='S&D'!G28 -> 60.11 | E22: =+Earnings!E22 -> 2.4 | F22: =D22/E22 -> 25.045833 | G22: =1/F22 -> 0.039926801 | I22: =+C22 -> WMB | J22: =+D22 -> 60.11 | K22: =+Earnings!G22 -> 2.7 | L22: =J22/K22 -> 22.262963 | M22: =1/L22 -> 0.044917651
D24: High | E24: =MAX(E16:E22) -> 6.25 | F24: =MAX(F16:F22) -> 25.261538 | G24: =MAX(G16:G22) -> 0.087336245 | J24: High | K24: =MAX(K16:K22) -> 7 | L24: =MAX(L16:L22) -> 24.325926 | M24: =MAX(M16:M22) -> 0.095238095
D25: Low | E25: =+MIN(E16:E22) -> 1.4 | F25: =+MIN(F16:F22) -> 11.45 | G25: =+MIN(G16:G22) -> 0.039585871 | J25: Low | K25: =+MIN(K16:K22) -> 1.5 | L25: =+MIN(L16:L22) -> 10.5 | M25: =+MIN(M16:M22) -> 0.041108404
D26: Median | E26: =MEDIAN(E16:E22) -> 2.6 | F26: =MEDIAN(F16:F22) -> 17.190625 | G26: =MEDIAN(G16:G22) -> 0.058171242 | J26: Median | K26: =MEDIAN(K16:K22) -> 2.7 | L26: =MEDIAN(L16:L22) -> 14.669333 | M26: =MEDIAN(M16:M22) -> 0.068169424
D27: Mean | E27: =AVERAGE(E16:E22) -> 2.8642857 | F27: =AVERAGE(F16:F22) -> 17.44604 | G27: =AVERAGE(G16:G22) -> 0.063697389 | J27: Mean | K27: =AVERAGE(K16:K22) -> 3.1714286 | L27: =AVERAGE(L16:L22) -> 15.941385 | M27: =AVERAGE(M16:M22) -> 0.070013888
E29: Selected | F29: 17.45 | G29: 0.0637 | K29: Selected | L29: 15.94 | M29: 0.07
G33: SELECTED AVERAGE > | I33: =+(F29+L29)/2 -> 16.695 | J33: =+(G29+M29)/2 -> 0.06685
E38: NOPAT CASH FLOW MULTIPLE & EQUITY RATE (LT 28-30 Yr Projected VL)
E39: YEAR END 12/31/2025
C41: Ticker | D41: Share | E41: NOPAT Earnings | F41: NOPAT | G41: Computed
A42: Company | C42: Symbol | D42: Price | E42: Per Share | F42: Multiple | G42: Inverse
D43: Year End | E43: VL LT Projected NOI
A46: =+'S&D'!A22 -> Enbridge Inc | C46: =+'S&D'!B22 -> ENB.TO | D46: ='S&D'!G22 -> 65.68 | E46: =+Earnings!I16 -> 3.5 | F46: =D46/E46 -> 18.765714 | G46: =1/F46 -> 0.053288672
A47: =+'S&D'!A23 -> Energy Transfer LP | C47: =+'S&D'!B23 -> ET | D47: ='S&D'!G23 -> 16.49 | E47: =+Earnings!I17 -> 2 | F47: =D47/E47 -> 8.245 | G47: =1/F47 -> 0.12128563
A48: =+'S&D'!A24 -> Enterprise Products Partnership LP | C48: =+'S&D'!B24 -> EPD | D48: ='S&D'!G24 -> 32.06 | E48: =+Earnings!I18 -> 3.8 | F48: =D48/E48 -> 8.4368421 | G48: =1/F48 -> 0.11852776
A49: =+'S&D'!A25 -> Kinder Morgan Inc | C49: =+'S&D'!B25 -> KMI | D49: ='S&D'!G25 -> 27.49 | E49: =+Earnings!I19 -> 1.9 | F49: =D49/E49 -> 14.468421 | G49: =1/F49 -> 0.069116042
A50: =+'S&D'!A26 -> ONEOK Inc | C50: =+'S&D'!B26 -> OKE | D50: ='S&D'!G26 -> 73.5 | E50: =+Earnings!I20 -> 10 | F50: =D50/E50 -> 7.35 | G50: =1/F50 -> 0.13605442
A51: =+'S&D'!A27 -> TC Energy Corp | C51: =+'S&D'!B27 -> TRP | D51: ='S&D'!G27 -> 55.01 | E51: =+Earnings!I21 -> 5.25 | F51: =D51/E51 -> 10.478095 | G51: =1/F51 -> 0.095437193
A52: =+'S&D'!A28 -> Williams Companys Inc | C52: =+'S&D'!B28 -> WMB | D52: ='S&D'!G28 -> 60.11 | E52: =+Earnings!I22 -> 3.4 | F52: =D52/E52 -> 17.679412 | G52: =1/F52 -> 0.056562968
D54: High | E54: =MAX(E46:E52) -> 10 | F54: =MAX(F46:F52) -> 18.765714 | G54: =MAX(G46:G52) -> 0.13605442
D55: Low | E55: =+MIN(E46:E52) -> 1.9 | F55: =+MIN(F46:F52) -> 7.35 | G55: =+MIN(G46:G52) -> 0.053288672
D56: Median | E56: =MEDIAN(E46:E52) -> 3.5 | F56: =MEDIAN(F46:F52) -> 10.478095 | G56: =MEDIAN(G46:G52) -> 0.095437193
D57: Mean | E57: =AVERAGE(E46:E52) -> 4.2642857 | F57: =AVERAGE(F46:F52) -> 12.203355 | G57: =AVERAGE(G46:G52) -> 0.092896098
E59: Selected | F59: 12.2 | G59: 0.0929

Sheet CAPM
A1: KENTUCKY DEPARTMENT OF REVENUE
A2: DIVISION OF STATE VALUATION, PUBLIC SERVICE BRANCH
A3: 2026 Tax Year
A6: =+'S&D'!A12 -> Natural Gas Transmission Pipeline Carrier
E7: CAPITAL ASSET PRICING MODEL (CAPM)
E8: YEAR END 12/31/2025
A13: KE = Rf + (B X ERP)
A14: CAPM Models | B14: Equity Risk Premium (ERP) | C14: Industry Beta (B) | D14: Industry Risk Premium | E14: Risk Free Rate (Rf) | F14: Indicated Equity Rate
A16: Three Stage Ex Ante Version 1 (1) | B16: 0.0294 | C16: =+'Beta for CAPM'!I30 -> 0.96 | D16: =+B16*C16 -> 0.028224 | E16: =+'Growth & Inflation Rates'!$G$24 -> 0.0481 | F16: =+D16+E16 -> 0.076324
A17: Three Stage Ex Ante Version 2 (2) | B17: 0.0298 | C17: =+C16 -> 0.96 | D17: =+B17*C17 -> 0.028608 | E17: =+'Growth & Inflation Rates'!$G$24 -> 0.0481 | F17: =+D17+E17 -> 0.076708
A19: Damodaran Implied ERP Ex Ante Trailing 12 mo Cash Yield (3) | B19: 0.0423 | C19: =+C16 -> 0.96 | D19: =+B19*C19 -> 0.040608 | E19: =+'Growth & Inflation Rates'!$G$24 -> 0.0481 | F19: =+D19+E19 -> 0.088708
A20: Damodaran Implied ERP Ex Ante Avg CF Yield Last 10 Yrs (3) | B20: 0.0618 | C20: =+C16 -> 0.96 | D20: =+B20*C20 -> 0.059328 | E20: =+'Growth & Inflation Rates'!$G$24 -> 0.0481 | F20: =+D20+E20 -> 0.107428
A21: Damodaran Implied ERP Ex Ante Net Cash Yield (3) | B21: 0.0396 | C21: =+C16 -> 0.96 | D21: =+B21*C21 -> 0.038016 | E21: =+'Growth & Inflation Rates'!$G$24 -> 0.0481 | F21: =+D21+E21 -> 0.086116
A22: Damodaran Implied ERP Ex Ante Norm. Earnings & Payout (3) | B22: 0.0362 | C22: =+C16 -> 0.96 | D22: =+B22*C22 -> 0.034752 | E22: =+'Growth & Inflation Rates'!$G$24 -> 0.0481 | F22: =+D22+E22 -> 0.082852
A24: The CFO Survey (4) | B24: 0.0561 | C24: =+C16 -> 0.96 | D24: =+B24*C24 -> 0.053856 | E24: =+'Growth & Inflation Rates'!$G$24 -> 0.0481 | F24: =+D24+E24 -> 0.101956
A26: P. Fernandez, T. Garcia de Santos & J.F.Acin (5) | B26: 0.055 | C26: =+C16 -> 0.96 | D26: =+B26*C26 -> 0.0528 | E26: =+'Growth & Inflation Rates'!$G$24 -> 0.0481 | F26: =+D26+E26 -> 0.1009
A28: BVR - Historical, Arithmetic Mean (6) | B28: 0.0678 | C28: =+C16 -> 0.96 | D28: =+B28*C28 -> 0.065088 | E28: =+'Growth & Inflation Rates'!$G$24 -> 0.0481 | F28: =+D28+E28 -> 0.113188
A29: BVR - Historical, Geometric Mean (7) | B29: 0.0554 | C29: =+C16 -> 0.96 | D29: =+B29*C29 -> 0.053184 | E29: =+'Growth & Inflation Rates'!$G$24 -> 0.0481 | F29: =+D29+E29 -> 0.101284
A31: KROLL Ex Post - ERP Historical (8) | B31: 0.0737 | C31: =+C16 -> 0.96 | D31: =+B31*C31 -> 0.070752 | E31: =+'Growth & Inflation Rates'!$G$24 -> 0.0481 | F31: =+D31+E31 -> 0.118852
A32: KROLL Ex Post - ERP Supply Side (8) | B32: 0.0631 | C32: =+C17 -> 0.96 | D32: =+B32*C32 -> 0.060576 | E32: =+'Growth & Inflation Rates'!$G$24 -> 0.0481 | F32: =+D32+E32 -> 0.108676
A33: KROLL Ex Ante - ERP Conditional (8) | B33: 0.05 | C33: =+C16 -> 0.96 | D33: =+B33*C33 -> 0.048 | E33: =+'Growth & Inflation Rates'!$G$24 -> 0.0481 | F33: =+D33+E33 -> 0.0961
A39: KE = Rf + (B X ERP X 75%) = (ERP X 25%)
A40: Empirical CAPM Models | B40: Equity Risk Premium (ERP) | C40: Industry Beta (B) | D40: Weighted Industry Risk Premium (75%) | E40: Weighted Equity Risk Premium (25%) | F40: Risk Free Rate (Rf) | G40: Indicated Equity Rate
A42: Three Stage Ex Ante Version 1 (1) | B42: =+B16 -> 0.0294 | C42: =+C16 -> 0.96 | D42: =+B42*C42*0.75 -> 0.021168 | E42: =+B42*0.25 -> 0.00735 | F42: =+'Growth & Inflation Rates'!$G$24 -> 0.0481 | G42: =+D42+E42+F42 -> 0.076618
A43: Three Stage Ex Ante Version 2 (2) | B43: =+B17 -> 0.0298 | C43: =+C17 -> 0.96 | D43: =+B43*C43*0.75 -> 0.021456 | E43: =+B43*0.25 -> 0.00745 | F43: =+'Growth & Inflation Rates'!$G$24 -> 0.0481 | G43: =+D43+E43+F43 -> 0.077006
A45: Damodaran Implied ERP Ex Ante Trailing 12 mo Cash Yield (3) | B45: =+B19 -> 0.0423 | C45: =+C19 -> 0.96 | D45: =+B45*C45*0.75 -> 0.030456 | E45: =+B45*0.25 -> 0.010575 | F45: =+'Growth & Inflation Rates'!$G$24 -> 0.0481 | G45: =+D45+E45+F45 -> 0.089131
A46: =+A20 -> Damodaran Implied ERP Ex Ante Avg CF Yield Last 10 Yrs (3) | B46: =+B20 -> 0.0618 | C46: =+C20 -> 0.96 | D46: =+B46*C46*0.75 -> 0.044496 | E46: =+B46*0.25 -> 0.01545 | F46: =+'Growth & Inflation Rates'!$G$24 -> 0.0481 | G46: =+D46+E46+F46 -> 0.108046
A47: Damodaran Implied ERP Ex Ante Net Cash Yield (3) | B47: =+B21 -> 0.0396 | C47: =+C21 -> 0.96 | D47: =+B47*C47*0.75 -> 0.028512 | E47: =+B47*0.25 -> 0.0099 | F47: =+'Growth & Inflation Rates'!$G$24 -> 0.0481 | G47: =+D47+E47+F47 -> 0.086512
A48: Damodaran Implied ERP Ex Ante Norm. Earnings & Payout (3) | B48: =+B22 -> 0.0362 | C48: =+C22 -> 0.96 | D48: =+B48*C48*0.75 -> 0.026064 | E48: =+B48*0.25 -> 0.00905 | F48: =+'Growth & Inflation Rates'!$G$24 -> 0.0481 | G48: =+D48+E48+F48 -> 0.083214
A50: The CFO Survey (4) | B50: =+B24 -> 0.0561 | C50: =+C24 -> 0.96 | D50: =+B50*C50*0.75 -> 0.040392 | E50: =+B50*0.25 -> 0.014025 | F50: =+'Growth & Inflation Rates'!$G$24 -> 0.0481 | G50: =+D50+E50+F50 -> 0.102517
A52: P. Fernandez, T. Garcia de Santos & J.F.Acin (5) | B52: =+B26 -> 0.055 | C52: =+C26 -> 0.96 | D52: =+B52*C52*0.75 -> 0.0396 | E52: =+B52*0.25 -> 0.01375 | F52: =+'Growth & Inflation Rates'!$G$24 -> 0.0481 | G52: =+D52+E52+F52 -> 0.10145
A54: BVR - Historical, Arithmetic Mean (6) | B54: =+B28 -> 0.0678 | C54: =+C28 -> 0.96 | D54: =+B54*C54*0.75 -> 0.048816 | E54: =+B54*0.25 -> 0.01695 | F54: =+'Growth & Inflation Rates'!$G$24 -> 0.0481 | G54: =+D54+E54+F54 -> 0.113866
A55: BVR - Historical, Geometric Mean (7) | B55: =+B29 -> 0.0554 | C55: =+C29 -> 0.96 | D55: =+B55*C55*0.75 -> 0.039888 | E55: =+B55*0.25 -> 0.01385 | F55: =+'Growth & Inflation Rates'!$G$24 -> 0.0481 | G55: =+D55+E55+F55 -> 0.101838
A57: KROLL Ex Post - ERP Historical (8) | B57: =+B31 -> 0.0737 | C57: =+C31 -> 0.96 | D57: =+B57*C57*0.75 -> 0.053064 | E57: =+B57*0.25 -> 0.018425 | F57: =+'Growth & Inflation Rates'!$G$24 -> 0.0481 | G57: =+D57+E57+F57 -> 0.119589
A58: KROLL Ex Post - ERP Supply Side (8) | B58: =+B32 -> 0.0631 | C58: =+C32 -> 0.96 | D58: =+B58*C58*0.75 -> 0.045432 | E58: =+B58*0.25 -> 0.015775 | F58: =+'Growth & Inflation Rates'!$G$24 -> 0.0481 | G58: =+D58+E58+F58 -> 0.109307
A59: KROLL Ex Ante - ERP Conditional (8) | B59: =+B33 -> 0.05 | C59: =+C33 -> 0.96 | D59: =+B59*C59*0.75 -> 0.036 | E59: =+B59*0.25 -> 0.0125 | F59: =+'Growth & Inflation Rates'!$G$24 -> 0.0481 | G59: =+D59+E59+F59 -> 0.0966
A64: Notes:
A66: (1) Three Stage Dividend Growth Model, S&P 500. The Three Stage Ex Ante calculations were performed by Montana. The Equity risk premiums are shown above.
A67: (2) Three Stage Dividend Growth Model, S&P 500. The Three Stage Ex Ante calculations were performed by Minnesota. The Equity risk premiums are shown above.
A69: (3) Implied Equity Risk Premium on January 2, 2026 as determined by Dr. Aswath Damodaran
A70: http://pages.stern.nyu.edu/~adamodar/New_Home_Page/datacurrent.html
A72: (4) The CFO Survey (2025). Data & Results December 17, 2025. Mean average annual S&P return over next ten years (9.9%) less annual yield on 10-year Treasury Bonds (4.29%).
A73: https://www.richmondfed.org/research/national_economy/cfo_survey
A75: (5) Fernandez, P., Garcia D., & Acin, J. F. (2025). Survey: Market Risk Premium and Risk-Free Rate used for 54 countries in 2025. SSRN Electronic Journal.
A76: (5) Fernandez, P., Garcia D., & Acin, J.
A78: (6) & (7) Business Valuation Resources, Cost of Capital Professional. (2026). Historical ERP 1928 to present, using arithmetic mean, geometric mean, and 20-Year Treasury Securities.
A79: https://www.bvresources.com/products/faqs/cost-of-capital-professional
A81: (8) KROLL, Cost of Capital Navigator. (2026). See Montana Cap Rate Study.

Sheet Growth & Inflation Rates
A1: KENTUCKY DEPARTMENT OF REVENUE
A2: DIVISION OF STATE VALUATION, PUBLIC SERVICE BRANCH
A3: 2026 Tax Year
A7: =+'S&D'!A12 -> Natural Gas Transmission Pipeline Carrier | E7: GROWTH & INFLATION RATES
E8: YEAR END 12/31/2025
A11: SHORT-TERM GROWTH RATES (5 years)
B13: Zacks Investment Research | C13: CFRA S&P Net Advantage | D13: Value Line Earnings | E13: Value Line Dividends | F13: KY DOR Dividends Growth Rate (Median / Average) | G13: KY DOR Earnings Growth Rate (Median / Average) | H13: Yahoo Finance
A15: =+A7 -> Natural Gas Transmission Pipeline Carrier | F15: =+'Dividends '!K26 -> 0.05726427 | G15: =+Earnings!K26 -> 0.090355437
F16: =+Earnings!K27 -> 0.096261129 | G16: =+Earnings!K27 -> 0.096261129
A18: RISK FREE RATE (Rf)
D19: RISK FREE RATE (Rf)
C20: Federal Reserve Statistical Release (January 2, 2026) Treasury Constant Maturities, Nominal (1) :
C21: 10-year U.S. Treasury coupon bonds | D21: 0.0419
C22: 20-year U.S. Treasury coupon bonds | D22: 0.0481
C23: 30-year U.S. Treasury coupon bonds | D23: 0.0486 | G23: KDOR Selected Risk Free Rate (Rf) >
C24: Value Line Investment Survey (January 10, 2026) Selected Yields on Taxable U.S. Treasury Securities : | G24: 0.0481
C25: 10-year U.S. Treasury coupon bonds | D25: 0.0455
C26: 20-year U.S. Treasury coupon bonds | D26: 0
C27: 30-year U.S. Treasury coupon bonds | D27: 0.0477
C28: Damodaran selected Risk-Free rate (January 1, 2026) (7) : | D28: 0.0458
C29: KROLL Cost of Capital Navigator Risk-Free rate Ex Post (January 1, 2026) : | D29: 0.0486
E31: Inflation and Gross Domestic Product (GDP) Data
E32: YEAR END 12/31/2025
A33: INFLATION (CPI) & GROSS DOMESTIC PRODUCT (GDP)
D35: Inflation | E35: Real LT Growth | F35: Nominal
A36: Source | D36: CPI | E36: GDP | F36: Growth
A38: Federal Reserve Statistical Release 10 Yr Inflation protected Treasury securities (1) | D38: 0.0225 | E38: na | F38: na
A39: Federal Reserve Statistical Release 20 Yr Inflation protected Treasury securities (1) | D39: 0.0242 | E39: na | F39: na
A40: Federal Reserve Statistical Release 30 Yr Inflation protected Treasury securities (1) | D40: 0.0223 | E40: na | F40: na
A41: Federal Reserve Bank of Philadelphia / Livingston Survey Mean (2) | D41: 0.0229 | E41: 0.0201 | F41: =+D41+E41 -> 0.043
A42: Federal Reserve Bank of Philadelphia / Livingston Survey Median (2a) | D42: 0.024 | E42: 0.02 | F42: =+D42+E42 -> 0.044
A43: Federal Reserve Bank of Philadelphia /Survey of Professional Forecasters Mean (2b) | D43: 0.0234 | E43: 0.021 | F43: =+D43+E43 -> 0.0444
A44: Congressional Budget Office Real Economic Projections (3) | D44: 0.023 | E44: 0.018 | F44: =+D44+E44 -> 0.041
A45: Congressional Budget Office Real Economic Projections (3a) | D45: 0.023 | E45: 0.021 | F45: =+D45+E45 -> 0.044
A46: Congressional Budget Office Real Economic Projections (3b) | D46: 0.023 | E46: 0.019 | F46: =+D46+E46 -> 0.042
A47: The Trading Economics (4) | D47: 0.023 | E47: 0.021 | F47: =+D47+E47 -> 0.044
A48: The World Bank (5) | D48: na | E48: 0.022 | F48: na
A49: Federal Reserve Bank "Long Term" Projection - Members & Presidents opinion (6) | D49: 0.02 | E49: 0.018 | F49: =+D49+E49 -> 0.038
C50: High | D50: =MAX(D38:D49) -> 0.0242 | E50: =MAX(E38:E49) -> 0.022 | F50: =MAX(F38:F49) -> 0.0444
C51: Low | D51: =MIN(D38:D49) -> 0.02 | E51: =MIN(E38:E49) -> 0.018 | F51: =MIN(F38:F49) -> 0.038
C52: Median | D52: =MEDIAN(D38:D49) -> 0.023 | E52: =MEDIAN(E38:E49) -> 0.0201 | F52: =+D52+E52 -> 0.0431
C53: Average | D53: =AVERAGE(D38:D49) -> 0.022845455 | E53: =AVERAGE(E38:E49) -> 0.020011111 | F53: =+D53+E53 -> 0.042856566
C56: SELECTED > | D56: 0.0228 | E56: 0.02 | F56: 0.0429
A59: The Federal Reserve Bank projects their "long-term" estimate of Change in US real GDP at 1.8%
A60: The Congressional Budget Office projects the U.S. Real GDP annual growth rate of 2.2% in 2026 and 1.8% in 2027 Core CPI = 2.30%
A61: The Congressional Budget Office projects the U.S. Inflation CPI 4th Qtr. To 4th Qtr. 2.7% in 2026 2.3% in 2027, 2.0% in 2028 and 2029 to 2030. 2.0% 2031 to 2036
A62: The Congressional Budget Office projects the U.S. Real GDP annual growth rates of 1.8% from 2029 to 2030 and 1.8% from 2031 to 2036
A63: The Congressional Budget Office projects the U.S. Real GDP average annual (Yr to Yr) growth rates of 2.21% from 2026 to 2030 and 1.80% from 2030 to 2035 and 1.90 GDP overall from 2026 to 2036
A65: “Since no firm can grow forever at a rate higher than the growth rate of the economy in which it operates, the constant growth rate cannot be greater
A66: than the overall growth rate of the economy.” Dr. Aswath Damodaran (n.d.) The Stable Growth Rate
A67: http://pages.stern.nyu.edu/~adamodar/New_Home_Page/valquestions/stablegrowthrate.htm
A69: SOURCES:
A71: (1) Federal Reserve Statistical Release
A72: January 2, 2026 Compare inflation indexed securities to non-inflation indexed securities. The difference is the inflation rate. See Minnesota study page 36pdf or Washington study page 6.
A73: http://www.federalreserve.gov/Releases/H15/Current/
... A108: (7) Aswath Damodaran

Sheet Indicated Yield Equity Rate 
A1: KENTUCKY DEPARTMENT OF REVENUE
A2: DIVISION OF STATE VALUATION, PUBLIC SERVICE BRANCH
A3: 2026 Tax Year
A6: =+'S&D'!A12 -> Natural Gas Transmission Pipeline Carrier
C9: EQUITY RATES for YIELD APPROACH
C10: YEAR END 12/31/2025
D13: Kentucky
C14: MODEL | D14: YIELD EQUITY RATE
C15: CAPM - Ex Ante, Three Stage - V1 | D15: =+CAPM!F16 -> 0.076324
C16: CAPM - Ex Ante, Three Stage - V2 | D16: =+CAPM!F17 -> 0.076708
C17: CAPM - Ex Ante Damodaran 12 Mo Cash Yield | D17: =+CAPM!F19 -> 0.088708
C18: CAPM - Ex Ante Damodaran Avg CF Yield Last 10 Yrs | D18: =+CAPM!F20 -> 0.107428
C19: CAPM - Ex Ante Damodaran Net Cash Yield | D19: =+CAPM!F21 -> 0.086116
C20: CAPM - Ex Ante Damodaran NEP | D20: =+CAPM!F22 -> 0.082852
C21: CAPM - The CFO Survey | D21: =+CAPM!F24 -> 0.101956
C22: CAPM - Fernandez, Banuls, & Acin | D22: =+CAPM!F26 -> 0.1009
C23: CAPM - Ex Post (BVR Historical, Arithmeic) | D23: =+CAPM!F28 -> 0.113188
C24: CAPM - Ex Post (BVR Historical, Geometric) | D24: =+CAPM!F29 -> 0.101284
C25: CAPM - Ex Post KROLL ERP Historical | D25: =+CAPM!F31 -> 0.118852
C26: CAPM - Ex Post KROLL ERP Supply Side | D26: =+CAPM!F32 -> 0.108676
C27: CAPM - Ex Ante KROLL ERP Conditional | D27: =+CAPM!F33 -> 0.0961
C28: Empirical CAPM - Ex Ante, Three Stage - V1 | D28: =+CAPM!G42 -> 0.076618
C29: Empirical CAPM - Ex Ante, Three Stage - V2 | D29: =+CAPM!G43 -> 0.077006
C30: Empirical CAPM - Ex Ante Damodaran 12 Mo Cash Yield | D30: =+CAPM!G45 -> 0.089131
C31: Empirical CAPM - Ex Ante Damodaran Avg CF Yield Last 10 Yrs | D31: =+CAPM!G46 -> 0.108046
C32: Empirical CAPM - Ex Ante Damodaran Net Cash Yield | D32: =+CAPM!G47 -> 0.086512
C33: Empirical CAPM - Ex Ante Damodaran NEP | D33: =+CAPM!G48 -> 0.083214
C34: Empirical CAPM - The CFO Survey | D34: =+CAPM!G50 -> 0.102517
C35: Empirical CAPM - Fernandez, Banuls, & Acin | D35: =+CAPM!G52 -> 0.10145
C36: Empirical CAPM - Ex Post (BVR Historical, Arithmeic) | D36: =+CAPM!G54 -> 0.113866
C37: Empirical CAPM - Ex Post (BVR Historical, Geometric) | D37: =+CAPM!G55 -> 0.101838
C38: Empirical CAPM - Ex Post KROLL ERP Historical | D38: =+CAPM!G57 -> 0.119589
C39: Empirical CAPM - Ex Post KROLL ERP Supply Side | D39: =+CAPM!G58 -> 0.109307
C40: Empirical CAPM - Ex Ante KROLL ERP Conditional | D40: =+CAPM!G59 -> 0.0966
C41: DGM - Single Stage - Dividend Growth | D41: =+'Single Stage Div Growth Model'!I30 -> 0.0995
C42: DGM - Single Stage - Earnings Growth | D42: =+'Single Stage Div Growth Model'!I32 -> 0.1316
C43: DGM - Two Stage - Dividend Growth | D43: =+'Two-Stage Div Growth Model'!H34 -> 0.1231
C44: P/E Ratio - Long Term Projection NOPAT | D44: =+'Direct NOPAT'!G59 -> 0.0929
C46: High | D46: =MAX(D15:D43) -> 0.1316
C47: Low | D47: =MIN(D15:D43) -> 0.076324
C48: Median | D48: =MEDIAN(D15:D43) -> 0.101284
C49: Mean | D49: =AVERAGE(D15:D43) -> 0.099275379
D51: .
C52: Indicated Rate of Equity Selected > | D52: 0.0993
A56: NOTE:
A57: For rate based companies, the maximum allowed 'rate of return' established by state regulators is not comparable (a mismatch) to the 'cost of equity' calculated above.

Sheet Single Stage Div Growth Model
A1: KENTUCKY DEPARTMENT OF REVENUE
A2: DIVISION OF STATE VALUATION, PUBLIC SERVICE BRANCH
A3: 2026 Tax Year
A6: =+'S&D'!A12 -> Natural Gas Transmission Pipeline Carrier
F7: Yield Equity Rate - DGM (Dividend Growth) & DGM (Earnings Growth)
F8: YEAR END 12/31/2025
B10: Ticker | C10: Industry | D10: Stock | E10: Common Stock | F10: Dividend Yield | G10: Projected Short Term | H10: Projected Short Term | I10: Equity Rate | J10: Equity Rate
A11: Company | B11: Symbol | C11: Group | D11: Price (P0) | E11: FMV | F11: Projected 1 Yr | G11: Dividend Growth Rate | H11: Earnings Per Share Growth Rate | I11: Dividend | J11: Earnings
G12: Estimated 21-23 to 28-30 | H12: Estimated 21-23 to 28-30
A13: A | B13: B | C13: C | D13: D | E13: E | F13: F | G13: G | H13: H | I13: (F+G) | J13: (F+H)
A14: VL | B14: VL | C14: VL | D14: Year End | G14: VL | H14: VL | I14: Calculated | J14: Calculated
A17: =+'S&D'!A22 -> Enbridge Inc | B17: =+'S&D'!B22 -> ENB.TO | C17: =+'S&D'!C22 -> Oil & Gas Distribution | D17: =+'S&D'!G22 -> 65.68 | E17: =+'S&D'!D37 -> 143313760000 | F17: =+'Dividends '!H16 -> 0.059378806 | G17: 0.015 | H17: 0.03 | I17: =+F17+G17 -> 0.074378806 | J17: =+F17+H17 -> 0.089378806
A18: =+'S&D'!A23 -> Energy Transfer LP | B18: =+'S&D'!B23 -> ET | C18: =+'S&D'!C23 -> Pipeline MLPs | D18: =+'S&D'!G23 -> 16.49 | E18: =+'S&D'!D38 -> 5.6725382e+10 | F18: =+'Dividends '!H17 -> 0.084899939 | G18: 0.045 | H18: 0.07 | I18: =+F18+G18 -> 0.12989994 | J18: =+F18+H18 -> 0.15489994
A19: =+'S&D'!A24 -> Enterprise Products Partnership LP | B19: =+'S&D'!B24 -> EPD | C19: =+'S&D'!C24 -> Pipeline MLPs | D19: =+'S&D'!G24 -> 32.06 | E19: =+'S&D'!D39 -> 6.9306047e+10 | F19: =+'Dividends '!H18 -> 0.072364317 | G19: 0.1 | H19: 0.055 | I19: =+F19+G19 -> 0.17236432 | J19: =+F19+H19 -> 0.12736432
A20: =+'S&D'!A25 -> Kinder Morgan Inc | B20: =+'S&D'!B25 -> KMI | C20: =+'S&D'!C25 -> Oil & Gas Distribution | D20: =+'S&D'!G25 -> 27.49 | E20: =+'S&D'!D40 -> 6.115914e+10 | F20: =+'Dividends '!H19 -> 0.044016006 | G20: 0.045 | H20: 0.08 | I20: =+F20+G20 -> 0.089016006 | J20: =+F20+H20 -> 0.12401601
A21: =+'S&D'!A26 -> ONEOK Inc | B21: =+'S&D'!B26 -> OKE | C21: =+'S&D'!C26 -> Oil & Gas Distribution | D21: =+'S&D'!G26 -> 73.5 | E21: =+'S&D'!D41 -> 4.6283515e+10 | F21: =+'Dividends '!H20 -> 0.059863946 | G21: 0.04 | H21: 0.12 | I21: =+F21+G21 -> 0.099863946 | J21: =+F21+H21 -> 0.17986395
A22: =+'S&D'!A27 -> TC Energy Corp | B22: =+'S&D'!B27 -> TRP | C22: =+'S&D'!C27 -> Oil & Gas Distribution | D22: =+'S&D'!G27 -> 55.01 | E22: =+'S&D'!D42 -> 57265410000 | F22: =+'Dividends '!H21 -> 0.049081985 | G22: 0.015 | H22: 0.07 | I22: =+F22+G22 -> 0.064081985 | J22: =+F22+H22 -> 0.11908199
A23: =+'S&D'!A28 -> Williams Companys Inc | B23: =+'S&D'!B28 -> WMB | C23: =+'S&D'!C28 -> Oil & Gas Distribution | D23: =+'S&D'!G28 -> 60.11 | E23: =+'S&D'!D43 -> 73454420000 | F23: =+'Dividends '!H22 -> 0.036599567 | G23: 0.03 | H23: 0.09 | I23: =+F23+G23 -> 0.066599567 | J23: =+F23+H23 -> 0.12659957
E24: High | F24: =MAX(F17:F23) -> 0.084899939 | I24: =MAX(I17:I23) -> 0.17236432 | J24: =MAX(J17:J23) -> 0.17986395
E25: Low | F25: =+MIN(F17:F23) -> 0.036599567 | I25: =+MIN(I17:I23) -> 0.064081985 | J25: =+MIN(J17:J23) -> 0.089378806
E26: Median | F26: =MEDIAN(F17:F23) -> 0.059378806 | G26: =MEDIAN(G17:G23) -> 0.04 | H26: =MEDIAN(H17:H23) -> 0.07 | I26: =MEDIAN(I17:I23) -> 0.089016006 | J26: =MEDIAN(J17:J23) -> 0.12659957
E27: Mean | F27: =AVERAGE(F17:F23) -> 0.058029224 | G27: =AVERAGE(G17:G23) -> 0.041428571 | H27: =AVERAGE(H17:H23) -> 0.073571429 | I27: =AVERAGE(I17:I23) -> 0.099457795 | J27: =AVERAGE(J17:J23) -> 0.13160065
G30: DGM - Dividend Growth Rate > | I30: 0.0995
G32: DGM - Earnings Growth Rate > | I32: 0.1316
A34: Dividend Growth = DY + DG | C34: Earnings Growth = DY + EG
A35: DY = Dividend Yield | C35: DY = Dividend Yield
A36: DG = Dividend Growth | C36: EG = Earnings Growth
A39: KE = (D1 / Po) + G | C39: KE = (D1 / Po) + G
A41: KE = Cost of Equity | C41: KE = Cost of Equity
A42: D1 = Expected Dividends | C42: D1 = Expected Dividends
A43: Po = Current Price | C43: Po = Current Price
A44: G = Projected Growth (Div. 5 Yr Growth Rate) | C44: G = Projected Growth (Earnings Per Share 5 Yr Growth Rate)

Sheet Two-Stage Div Growth Model
A1: KENTUCKY DEPARTMENT OF REVENUE
A2: DIVISION OF STATE VALUATION, PUBLIC SERVICE BRANCH
A3: 2026 Tax Year
A6: =+'S&D'!A12 -> Natural Gas Transmission Pipeline Carrier
E9: Yield Equity Rate - DGM (Two-Stage)
E10: YEAR END 12/31/2025
B14: Ticker | C14: Industry | D14: Dividend Yield | E14: Projected Short Term | F14: Stable | G14: Average | H14: Cost of
A15: Company | B15: Symbol | C15: Group | D15: Projected 1 Yr | E15: Earnings Per Share Growth Rate | F15: Growth | G15: Growth Rate | H15: Equity
E16: Estimated 20-22 to 26-28 | G16: (G1 + g)/2 | H16: KE = (DY X (1 + .5(G))) + .67 (G1) + .33(g)
D17: DY | E17: G1 | F17: g | G17: G
D18: VL | E18: VL
A21: =+'S&D'!A22 -> Enbridge Inc | B21: =+'S&D'!B22 -> ENB.TO | C21: =+'S&D'!C22 -> Oil & Gas Distribution | D21: =+'Dividends '!H16 -> 0.059378806 | E21: =+'Single Stage Div Growth Model'!H17 -> 0.03 | F21: ='Growth & Inflation Rates'!$F$56 -> 0.0429 | G21: =(F21+E21)/2 -> 0.03645 | H21: =D21*(1+(0.5*G21))+(0.67*E21)+(0.33*F21) -> 0.094717985
A22: =+'S&D'!A23 -> Energy Transfer LP | B22: =+'S&D'!B23 -> ET | C22: =+'S&D'!C23 -> Pipeline MLPs | D22: =+'Dividends '!H17 -> 0.084899939 | E22: =+'Single Stage Div Growth Model'!H18 -> 0.07 | F22: ='Growth & Inflation Rates'!$F$56 -> 0.0429 | G22: =(F22+E22)/2 -> 0.05645 | H22: =D22*(1+(0.5*G22))+(0.67*E22)+(0.33*F22) -> 0.14835324
A23: =+'S&D'!A24 -> Enterprise Products Partnership LP | B23: =+'S&D'!B24 -> EPD | C23: =+'S&D'!C24 -> Pipeline MLPs | D23: =+'Dividends '!H18 -> 0.072364317 | E23: =+'Single Stage Div Growth Model'!H19 -> 0.055 | F23: ='Growth & Inflation Rates'!$F$56 -> 0.0429 | G23: =(F23+E23)/2 -> 0.04895 | H23: =D23*(1+(0.5*G23))+(0.67*E23)+(0.33*F23) -> 0.12514243
A24: =+'S&D'!A25 -> Kinder Morgan Inc | B24: =+'S&D'!B25 -> KMI | C24: =+'S&D'!C25 -> Oil & Gas Distribution | D24: =+'Dividends '!H19 -> 0.044016006 | E24: =+'Single Stage Div Growth Model'!H20 -> 0.08 | F24: ='Growth & Inflation Rates'!$F$56 -> 0.0429 | G24: =(F24+E24)/2 -> 0.06145 | H24: =D24*(1+(0.5*G24))+(0.67*E24)+(0.33*F24) -> 0.1131254
A25: =+'S&D'!A26 -> ONEOK Inc | B25: =+'S&D'!B26 -> OKE | C25: =+'S&D'!C26 -> Oil & Gas Distribution | D25: =+'Dividends '!H20 -> 0.059863946 | E25: =+'Single Stage Div Growth Model'!H21 -> 0.12 | F25: ='Growth & Inflation Rates'!$F$56 -> 0.0429 | G25: =(F25+E25)/2 -> 0.08145 | H25: =D25*(1+(0.5*G25))+(0.67*E25)+(0.33*F25) -> 0.1568589
A26: =+'S&D'!A27 -> TC Energy Corp | B26: =+'S&D'!B27 -> TRP | C26: =+'S&D'!C27 -> Oil & Gas Distribution | D26: =+'Dividends '!H21 -> 0.049081985 | E26: =+'Single Stage Div Growth Model'!H22 -> 0.07 | F26: ='Growth & Inflation Rates'!$F$56 -> 0.0429 | G26: =(F26+E26)/2 -> 0.05645 | H26: =D26*(1+(0.5*G26))+(0.67*E26)+(0.33*F26) -> 0.11152432
A27: =+'S&D'!A28 -> Williams Companys Inc | B27: =+'S&D'!B28 -> WMB | C27: =+'S&D'!C28 -> Oil & Gas Distribution | D27: =+'Dividends '!H22 -> 0.036599567 | E27: =+'Single Stage Div Growth Model'!H23 -> 0.09 | F27: ='Growth & Inflation Rates'!$F$56 -> 0.0429 | G27: =(F27+E27)/2 -> 0.06645 | H27: =D27*(1+(0.5*G27))+(0.67*E27)+(0.33*F27) -> 0.11227259
G28: High | H28: =+MAX(H21:H27) -> 0.1568589
G29: Low | H29: =MIN(H21:H27) -> 0.094717985
G30: Median | H30: =MEDIAN(H21:H27) -> 0.1131254
G31: Mean | H31: =AVERAGE(H21:H27) -> 0.12314212
G34: Two-Stage DGM Rate > | H34: 0.1231
A38: KE = (DY X (1+ .5(G))) + .67(G1) + .33(g)
A40: KE = Cost of Equity
A41: DY = Dividend Yield See ValueLine
A42: G = Average growth rate
A43: G1 = Short term growth estimate
A44: g = Stable Growth - Nominal growth rate

Sheet Multiples
A1: KENTUCKY DEPARTMENT OF REVENUE
A2: DIVISION OF STATE VALUATION, PUBLIC SERVICE BRANCH
A3: 2026 Tax Year
A6: =+'S&D'!A12 -> Natural Gas Transmission Pipeline Carrier
E8: GROSS REVENUE & GROSS BOOK (EQUITY) MULTIPLES
E9: YEAR END 12/31/2025
C11: Ticker | D11: Share | E11: Gross Revenues | F11: Gross Revenue | G11: Gross Book Value Equity | H11: Gross Book Value Equity
B12: Company | C12: Symbol | D12: Price | E12: Per Share | F12: Multiple * | G12: Per Share or Unit** | H12: Multiple
D13: Year End | E13: VL Historic | G13: VL Historic
B16: =+'S&D'!A22 -> Enbridge Inc | C16: =+'S&D'!B22 -> ENB.TO | D16: =+'S&D'!G22 -> 65.68 | E16: 25.6 | F16: =D16/E16 -> 2.565625 | G16: 30.8 | H16: =D16/G16 -> 2.1324675
B17: =+'S&D'!A23 -> Energy Transfer LP | C17: =+'S&D'!B23 -> ET | D17: =+'S&D'!G23 -> 16.49 | E17: 25.7 | F17: =D17/E17 -> 0.64163424 | G17: 9.85 | H17: =D17/G17 -> 1.6741117
B18: =+'S&D'!A24 -> Enterprise Products Partnership LP | C18: =+'S&D'!B24 -> EPD | D18: =+'S&D'!G24 -> 32.06 | E18: 24.55 | F18: =D18/E18 -> 1.3059063 | G18: 14.05 | H18: =D18/G18 -> 2.2818505
B19: =+'S&D'!A25 -> Kinder Morgan Inc | C19: =+'S&D'!B25 -> KMI | D19: =+'S&D'!G25 -> 27.49 | E19: 8.2 | F19: =D19/E19 -> 3.352439 | G19: 14.35 | H19: =D19/G19 -> 1.9156794
B20: =+'S&D'!A26 -> ONEOK Inc | C20: =+'S&D'!B26 -> OKE | D20: =+'S&D'!G26 -> 73.5 | E20: 52.75 | F20: =D20/E20 -> 1.3933649 | G20: 37.8 | H20: =D20/G20 -> 1.9444444
B21: =+'S&D'!A27 -> TC Energy Corp | C21: =+'S&D'!B27 -> TRP | D21: =+'S&D'!G27 -> 55.01 | E21: 11.85 | F21: =D21/E21 -> 4.6421941 | G21: 22.75 | H21: =D21/G21 -> 2.418022
B22: =+'S&D'!A28 -> Williams Companys Inc | C22: =+'S&D'!B28 -> WMB | D22: =+'S&D'!G28 -> 60.11 | E22: 10.8 | F22: =D22/E22 -> 5.5657407 | G22: 9.8 | H22: =D22/G22 -> 6.1336735
D24: High | F24: =MAX(F16:F22) -> 5.5657407 | H24: =MAX(H16:H22) -> 6.1336735
D25: Low | F25: =MIN(F16:F22) -> 0.64163424 | H25: =MIN(H16:H22) -> 1.6741117
D26: Median | F26: =MEDIAN(F16:F22) -> 2.565625 | H26: =MEDIAN(H16:H22) -> 2.1324675
D27: Mean | F27: =AVERAGE(F16:F22) -> 2.7809863 | H27: =AVERAGE(H16:H22) -> 2.6428927
D31: SELECTED AVERAGE > | F31: 2.78 | H31: 2.64
A34: * This multiple is applicable to service type companies, or those with few assets. These companies sell at prices related to their revenues.
A35: The higher the return on revenue the higher the price to revenue will be.
A37: ** The book value, or common equity, per share is total owners' equity minus preferred stock divided by the number of common shares outstanding.
A38: The purpose of this ratio is to test whether the market price is worth more (or less) than the cost of the assets.
A39: If the result is greater than one(1), it indicates the market value exceeds book value and can often be used as a sign of competent management.

Sheet Info
